 Dungeon Crawl Stone Soup version 0.25-a0-1079-g858b6a6 (webtiles) character file.

Game seed: 14315422958256224101, levelgen mode: deterministic

610970 AtlasWard the Hoplite (level 27, -2/246 HPs)
             Began as a Ghoul Chaos Knight on May 15, 2020.
             Was a Favourite Plaything of Xom.
             Slain by a green draconian knight
             ... wielding a +3 halberd of pain
              (12 damage)
             ... on level 5 of the Realm of Zot on May 16, 2020.
             The game lasted 03:20:09 (62757 turns).

AtlasWard the Hoplite (Ghoul Chaos Knight)         Turns: 62757, Time: 03:20:10

Health: -2/246     AC: 38    Str: 24    XL:     27
Magic:  41/41      EV:  8    Int: 21    God:    Xom [.....*]
Gold:   6356       SH: 34    Dex: 17    Spells: 51/57 levels left

rFire    + + .     SeeInvis .   a - +8 mithril axe "Arga" {speed, MR+}
rCold    + . .     Gourm    .   Q - +4 tower shield
rNeg     + + +     Faith    .   q - +15 Maxwell's patent armour {-Cast -Tele rElec MR+ rCorr}
rPois    ∞         Spirit   .   F - +2 helmet {Int+3}
rElec    +         Reflect  +   P - scarf {repulsion}
rCorr    +         Harm     .   Y - +0 pair of fencer's gloves {Riposte Dex+3}
MR       +++++     NoTele   +   X - +0 pair of boots of Incorporation {Slay+3} Stlth ..........NoCast +
                                e - amulet of reflection
HPRegen  0.00/turn              Z - ring "Ytziutol" {Wiz rF++ Str-2 Int+4 Dex+3}
MPRegen  0.27/turn              z - ring "Watz" {rN+ MR+ Str+2 Int+5}

@: rotting, hasted, repel missiles, very quick
A: rotting body, claws 1, carnivore, cold resistance 1, negative energy
resistance 3, inhibited regeneration, torment resistance, unbreathing
}: 4/15 runes: barnacled, slimy, abyssal, gossamer
a: Renounce Religion


You were on level 5 of the Realm of Zot.
You worshipped Xom.
You were Xom's teddy bear.
You were not hungry.

You visited 10 branches of the dungeon, and saw 53 of its levels.
You visited the Abyss 4 times.
You also visited: Trove, Sewer, Bailey, Gauntlet, Ice Cave and Desolation.

You collected 8884 gold pieces.
You spent 2528 gold pieces at shops.

Inventory:

Hand Weapons
 a - the +8 mithril axe "Arga" (weapon) {speed, MR+}
   (You found it on level 7 of the Dungeon)

   Attacks with this weapon are significantly faster.
   It affects your resistance to hostile enchantments.
 x - a +9 broad axe of venom
Missiles
 S - 56 javelins (quivered)
Armour
 q - the +15 Maxwell's patent armour (worn) {-Cast -Tele rElec MR+ rCorr}
   (You found it on level 5 of the Pits of Slime)

   It insulates you from electricity.
   It affects your resistance to hostile enchantments.
   It prevents spellcasting.
   It prevents most forms of teleportation.
   It provides partial protection from all sources of acid and corrosion.
 F - a +2 helmet of intelligence (worn)
 K - +0 gold dragon scales
 P - a scarf of repulsion (worn)
 Q - a +4 tower shield (worn)
 X - the +0 pair of boots of Incorporation (worn) {Slay+3}
   (Xom gifted it to you on level 1 of the Spider Nest)

   It affects your accuracy and damage with ranged weapons and melee attacks
   (+3).
 Y - the +0 pair of fencer's gloves (worn) {Riposte Dex+3}
   (You found it in a treasure trove)

   It affects your dexterity (+3).
Jewellery
 e - an amulet of reflection (around neck)
 z - the ring "Watz" (right hand) {rN+ MR+ Str+2 Int+5}
   (You took it off a deep elf annihilator on level 3 of the Elven Halls)

   [ring of positive energy]

   It affects your strength (+2).
   It affects your intelligence (+5).
   It protects you from negative energy.
   It affects your resistance to hostile enchantments.
 U - the ring of the Past {rElec rC+ Dex+6}
   (You bought it in a shop on level 1 of the Depths)

   [ring of protection from cold]

   It affects your dexterity (+6).
   It protects you from cold.
   It insulates you from electricity.
 Z - the ring "Ytziutol" (left hand) {Wiz rF++ Str-2 Int+4 Dex+3}
   (You found it in a treasure trove)

   [ring of wizardry]

   It improves your spell success rate.
   It affects your strength (-2).
   It affects your intelligence (+4).
   It affects your dexterity (+3).
   It greatly protects you from fire.
Wands
 b - a wand of polymorph (10)
 i - a wand of acid (29)
 j - a wand of paralysis (8)
 n - a wand of clouds (12)
 p - a wand of digging (16)
 s - a wand of iceblast (9)
Scrolls
 f - 26 scrolls of remove curse
 g - 7 scrolls of immolation
 l - 12 scrolls of amnesia
 m - 7 scrolls of enchant weapon
 o - 6 scrolls of blinking
 r - 10 scrolls of identify
 A - 21 scrolls of teleportation
 G - 7 scrolls of fear
 I - 13 scrolls of vulnerability
 J - 3 scrolls of summoning
 N - 8 scrolls of fog
 V - 6 scrolls of torment
 W - 2 scrolls of silence
Potions
 d - a potion of resistance
 k - 11 potions of stabbing
 t - 6 potions of brilliance
 v - 14 potions of flight
 B - 7 potions of heal wounds
 D - 11 potions of magic
 E - 15 potions of curing
 H - 4 potions of ambrosia
 L - 3 potions of haste
 M - 4 potions of invisibility
 O - a potion of cancellation
 T - 4 potions of might
Comestibles
 c - 87 rations


   Skills:
 - Level 20.0 Fighting
 - Level 18.0 Axes
 - Level 4.0 Throwing
 - Level 14.7 Armour
 - Level 2.0 Dodging
 + Level 23.7 Shields
 + Level 15.7 Spellcasting
 - Level 12.3 Necromancy
 - Level 13.8 Earth Magic


You had 51 spell levels left.
You knew the following spells:

 Your Spells              Type           Power        Failure   Level  Hunger
a - Animate Skeleton      Necr           N/A          1%          1    None
b - Borgnjor's Vile Clut  Necr/Erth      ######....   1%          5    ###....

Your spell library contained the following spells:

 Spells                   Type           Power        Failure   Level  Hunger
 Pain                     Necr           ####         1%          1    None
 Sandblast                Erth           ######       1%          1    None
 Corpse Rot               Necr/Air       N/A          1%          2    None
 Passwall                 Tmut/Erth      #####...     1%          2    None
 Vampiric Draining        Necr           ######....   1%          3    None
 Animate Dead             Necr           N/A          1%          4    None
 Dispel Undead            Necr           ######..     1%          4    None
 Lee's Rapid Deconstruct  Erth           ######....   1%          5    ###....
 Stone Arrow              Conj/Erth      #####.       2%          3    None
 Agony                    Necr           ######..     2%          5    ###....
 Petrify                  Tmut/Erth      #####...     9%          4    None
 Apportation              Tloc           ###...       14%         1    None
 Corona                   Hex            ###....      14%         1    None
 Foxfire                  Conj/Fire      ###.         14%         1    None
 Magic Dart               Conj           ###.         14%         1    None
 Shock                    Conj/Air       ###.         14%         1    None
 Sting                    Tmut/Pois      ###.         14%         1    None
 Summon Butterflies       Summ           ###.....     14%         1    None
 Summon Small Mammal      Summ           ###.         14%         1    None
 Death Channel            Necr           ######....   14%         6    #####..
 Blink                    Tloc           N/A          21%         2    None
 Call Imp                 Summ           ###.....     21%         2    None
 Ensorcelled Hibernation  Hex/Ice        ###...       21%         2    None
 Poisonous Vapours        Pois/Air       ###...       21%         2    None
 Slow                     Hex            ###.....     21%         2    None
 Song of Slaying          Chrm           ###.....     21%         2    None
 Sticks to Snakes         Tmut           ###.....     21%         2    None
 Swiftness                Chrm/Air       ###.....     21%         2    None
 Excruciating Wounds      Chrm/Necr      #####.....   28%         5    ###....
 Call Canine Familiar     Summ           ###.....     38%         3    None
 Confusing Touch          Hex            ###.....     38%         3    None
 Conjure Flame            Conj/Fire      ###.....     38%         3    None
 Dazzling Flash           Conj/Hex       ###...       38%         3    None
 Gell's Gravitas          Tloc           ###.......   38%         3    None
 Ignite Poison            Fire/Tmut/Pois ###.....     38%         3    None
 Lesser Beckoning         Tloc           ###.......   38%         3    None
 Mephitic Cloud           Conj/Pois/Air  ###.....     38%         3    None
 Portal Projectile        Hex/Tloc       ###...       38%         3    None
 Recall                   Summ/Tloc      N/A          38%         3    None
 Spectral Weapon          Hex/Chrm       ###.....     38%         3    None
 Static Discharge         Conj/Air       ###.....     38%         3    None
 Summon Guardian Golem    Hex/Summ       ###.....     38%         3    None
 Tukima's Dance           Hex            ###.....     38%         3    None
 Bolt of Magma            Conj/Fire/Erth #####.....   47%         5    ###....
 Cause Fear               Hex            ###.......   77%         4    None
 Iskenderun's Mystic Bla  Conj/Tloc      ###.....     77%         4    None
 Passage of Golubria      Tloc           N/A          77%         4    None
 Sticky Flame             Conj/Fire      ###.....     77%         4    None
 Summon Ice Beast         Ice/Summ       ###.....     77%         4    None
 Summon Lightning Spire   Summ/Air       ###.....     77%         4    None
 Simulacrum               Ice/Necr       #####.....   82%         6    #####..
 Alistair's Intoxication  Tmut/Pois      ###.....     97%         5    ###....
 Irradiate                Conj/Tmut      ###.......   97%         5    ###....
 Iskenderun's Battlesphe  Conj/Chrm      ###.....     97%         5    ###....
 Lightning Bolt           Conj/Air       ###.......   97%         5    ###....
 Metabolic Englaciation   Hex/Ice        ###.......   97%         5    ###....
 Silence                  Hex/Air        ###.......   97%         5    ###....
 Yara's Violent Unravell  Hex/Tmut       ###.......   97%         5    ###....
 Conjure Ball Lightning   Conj/Air       ###.......   100%        6    #####..
 Darkness                 Hex            ###.......   100%        6    #####..
 Eringya's Noxious Bog    Tmut/Pois      ###.......   100%        6    #####..
 Freezing Cloud           Conj/Ice/Air   ###.......   100%        6    #####..
 Invisibility             Hex            ###.....     100%        6    #####..
 Starburst                Conj/Fire      ###.......   100%        6    #####..
 Ring of Flames           Chrm/Fire      ###.......   100%        7    ######.
 Spellforged Servitor     Conj/Summ      ###.......   100%        7    ######.
 Discord                  Hex            ###.......   100%        8    #######
 Dragon's Call            Summ           ###.......   100%        9    #######
 Sublimation of Blood     Necr           Unusable     N/A         2    N/A
 Beastly Appendage        Tmut           Unusable     N/A         1    N/A
 Spider Form              Tmut/Pois      Unusable     N/A         3    N/A
 Statue Form              Tmut/Erth      Unusable     N/A         6    N/A
 Ice Form                 Ice/Tmut       Unusable     N/A         4    N/A
 Blade Hands              Tmut           Unusable     N/A         5    N/A
 Hydra Form               Tmut           Unusable     N/A         6    N/A
 Dragon Form              Tmut           Unusable     N/A         7    N/A

Dungeon Overview and Level Annotations

Branches:
Dungeon (15/15)            Temple (0/1) D:6            Lair (6/6) D:10
 Shoals (4/4) Lair:3       Spider (4/4) Lair:4        Slime (5/5) Lair:5
    Orc (2/2) D:11            Elf (3/3) Orc:2        Vaults (4/5) D:13
  Crypt (0/3) Vaults:3     Depths (5/5) D:15            Zot (5/5) Depths:5
  Sewer (visited)          Bailey (visited)           IceCv (visited)
Desolation (visited)      Gauntlet (visited)

Altars:
Dithmenos
Elyvilon
Fedhas
Hepliaklqana
Makhleb
Trog
Vehumet
Wu Jian
Xom
The Shining One

Shops:
D:12 (   Orc:2 ?:(*   Elf:2 }   Shoals:4 =   Vaults:2 =*   Depths:1 ?=}}

Portals:
Hell: Depths:1 Depths:2 Depths:3 Depths:4 Depths:5
Abyss: Depths:1 Depths:2 Depths:3 Depths:4 Depths:5
Pandemonium: Depths:3 Depths:5
Ziggurat: Depths:1
Bazaar: Depths:2

Annotations:
D:4 Prince Ribbit
Elf:2 3 runed translucent doors
Depths:2 exclusion: orange crystal statue
Depths:5 2 runed translucent doors, Sin92's ghost, adept MiFi
Zot:4 1 exclusion
Zot:5 2 exclusions


Innate Abilities, Weirdness & Mutations

Your body is rotting away.
You thrive on raw meat.
You are immune to poison.
You have sharp fingernails.
You are carnivorous and can eat meat at any time.
Your flesh is cold resistant. (rC+)
You are immune to negative energy. (rN+++)
You do not regenerate when monsters are visible.
You are immune to unholy pain and torment.
You can survive without breathing.


Message History

You feel much better. "Serve the mortal, my children!"
Something hits you but does no damage.
Something tail-slaps you but does no damage.
The Killer Klown wrestles you with a +10 vampiric club.
* * * LOW HITPOINT WARNING * * *
A storm dragon comes into view.
The storm dragon roars deafeningly!
The storm dragon breathes lightning at you.
The bolt of lightning hits your sun demon.
Your sun demon resists.
The bolt of lightning hits you! You resist.
* * * LOW HITPOINT WARNING * * *
Xom thinks this is hilarious!
The storm dragon barely misses your sun demon.
The storm dragon claws your sun demon!
The storm dragon tramples your sun demon but does no damage.
Something hits you!
You die...
Xom is highly amused!

##............§.....###.
#.....p..............###
#.............^^.....# #
#....................#
#....)b..............#
#...54C.5.^..........#
#...5{445............#
##..5p.55D..........##
##.^15@3.....D...(## #
##4.555.........## #
################ #
#...###########
#.......#..⌠..#
#.......#.....#
#.......#.....#
#.......#.....###
###.....#........


You could see 2 Killer Klowns, a titan, 2 storm dragons, a Tzitzimitl, a
friendly sun demon (summoned), a friendly orange demon (summoned), a friendly
hellwing (summoned), a friendly rust devil (summoned), a friendly chaos spawn
(summoned), 2 friendly quasits, 3 friendly crimson imps, 2 friendly white imps,
2 friendly shadow imps and 2 friendly ufetubi.

Vanquished Creatures
  the Royal Jelly (Slime:5)
  An orb of fire (Zot:2)
  An ancient lich (Abyss:5)
  A juggernaut (Zot:2)
  Saint Roka (Orc:2)
  Frederick (Vaults:3)
  3 curse toes
  A caustic shrike (Depths:3)
  6 golden dragons
  A profane servitor (Abyss:4)
  Arachne (Spider:3)
  A lich (Depths:3)
  2 iron giants
  12 tentacled monstrosities
  9 Orb Guardians (Zot:5)
  Jorgrun (Orc:2)
  3 deep elf blademasters
  A quicksilver dragon (Zot:1)
  2 deep elf master archers (Elf:3)
  2 titans
  22 acid blobs
  Gastronok (Lair:2)
  A death cob (Zot:2)
  A tentacled starspawn (Abyss:4)
  A sphinx (Depths:3)
  4 tengu reavers
  4 shadow dragons
  A thorn hunter (Abyss:4)
  6 storm dragons
  Donald (Spider:3)
  21 azure jellies
  6 fire giants
  The ghost of stigmas the Brawler, a journeyman TrMo of Makhleb (Orc:2)
  3 draconian knights
  3 deep elf sorcerers (Elf:3)
  9 vault wardens
  2 draconian scorchers
  2 imperial myrmidons (Desolation)
  2 iron dragons
  7 ghost moths
  6 frost giants
  7 emperor scorpions
  4 deep elf elementalists (Elf:3)
  2 draconian shifters
  The ghost of Ceann the Thaumaturge, a journeyman OpVM of Vehumet (Spider:1)
  9 very ugly things
  11 ironheart preservers
  A spriggan defender (Depths:3)
  3 entropy weavers
  A caustic shrike skeleton (Depths:1)
  3 draconian annihilators
  6 vampire knights
  16 stone giants
  The ghost of Likado the Destroyer, a journeyman TeAE of Vehumet (Lair:6)
  Nessos (D:12)
  6 green draconians
  3 deep elf demonologists
  5 black draconians
  Azrael (Orc:2)
  5 deep elf annihilators (Elf:3)
  2 dire elephants (Abyss:4)
  3 white draconians
  9 yellow draconians
  10 purple draconians
  3 halazid warlocks (Desolation)
  A minotaur (Gauntlet)
  4 red draconians
  2 blizzard demons (IceCv)
  7 spark wasps
  2 merfolk javelineers (Shoals:4)
  4 deep elf death magi
  7 ettins
  8 merfolk impalers
  8 deep elf high priests
  2 jiangshi (Depths:3)
  Snorg (D:12)
  15 fire dragons
  7 vault guards
  Josephine (D:15)
  Erolcha (D:9)
  5 death oozes
  12 yaktaur captains
  16 great orbs of eyes
  8 ragged hierophants (Desolation)
  11 ogre magi
  10 rakshasas
  5 peacekeepers (Desolation)
  18 ice dragons
  5 spriggan air magi
  4 servants of whispers (Desolation)
  4 hydras
  A merfolk avatar (Shoals:4)
  3 satyrs
  8 centaur warriors
  A two-headed ogre (shapeshifter) (Zot:5)
  A death knight (Vaults:3)
  3 catoblepae (Lair:6)
  An alligator (shapeshifter) (Vaults:4)
  16 dancing weapons
  A death scarab (Gauntlet)
  9 deep troll shamans
  4 tengu warriors
  3 merfolk aquamancers (Shoals:4)
  4 vampire magi
  2 alligator snapping turtles (Shoals:2)
  33 two-headed ogres
  5 deep troll earth magi
  Urug (Lair:4)
  7 spriggan berserkers
  8 death yaks
  3 orc high priests (Orc:2)
  A sun demon (Depths:5)
  2 wretched stars
  9 deep elf knights
  2 thrashing horrors (Abyss:5)
  2 iron trolls
  2 spatial maelstroms (Abyss:4)
  2 sixfirhies
  5 unseen horrors
  14 hell knights
  28 deep trolls
  2 large abominations (Abyss:5)
  2 sea snakes (shapeshifter)
  2 skeletal warriors (Vaults:3)
  A spriggan druid (Elf:2)
  A deep troll (shapeshifter) (Depths:3)
  A death drake (Depths:2)
  14 sea snakes
  A tengu zombie (Vaults:3)
  A flayed ghost (Depths:5)
  A death drake (shapeshifter) (Depths:1)
  14 ironbrand convokers
  12 glowing orange brains
  4 wizards
  15 deep elf archers
  A lindwurm (shapeshifter) (Vaults:2)
  13 orc knights
  9 necromancers
  22 orb spiders
  22 harpies
  35 wolf spiders
  A mana viper (Shoals:1)
  24 deep elf magi
  A shining eye (shapeshifter) (Depths:4)
  49 ugly things
  A salamander (shapeshifter) (Vaults:1)
  11 cyclopes
  21 manticores
  5 orc sorcerers
  20 fauns
  A shadow dragon skeleton (Vaults:4)
  10 shining eyes
  5 worldbinders (Abyss:4)
  2 human zombies (Vaults:3)
  A centaur zombie (D:14)
  10 moths of wrath
  A frost giant skeleton (Vaults:4)
  A rust devil (Depths:5)
  Maurice (Orc:2)
  A fire giant zombie (Vaults:4)
  An ice statue (IceCv)
  A black mamba (shapeshifter) (Vaults:1)
  Psyche (D:8)
  5 guardian serpents (Desolation)
  9 elephants
  5 black mambas
  5 torpor snails
  14 water nymphs
  2 orange demons
  2 naga magi (D:15)
  5 merfolk sirens
  15 vault sentinels
  A water nymph (shapeshifter) (Depths:5)
  2 centaur skeletons (D:13)
  7 spiny frogs
  The ghost of robertstho the Spear-Bearer, a novice MfBe of Trog (D:4)
  2 smoke demons (Abyss:1)
  2 eyes of devastation
  An eye of devastation (shapeshifter) (Depths:2)
  5 rime drakes (Lair:6)
  5 komodo dragons
  7 ice devils (IceCv)
  An elf zombie (Depths:1)
  23 demonic crawlers
  6 freezing wraiths
  6 anaconda simulacra (IceCv)
  4 ancient zymes
  2 yaktaur skeletons
  54 yaktaurs
  A golden dragon simulacrum (IceCv)
  A yaktaur (shapeshifter) (Depths:5)
  A tormentor (Depths:5)
  10 trolls
  A wolf spider simulacrum (IceCv)
  5 tengu conjurers
  23 merfolk
  19 blink frogs (Lair:6)
  7 wind drakes
  A polar bear (Elf:2)
  2 meliai (shapeshifter)
  A troll (shapeshifter) (Vaults:2)
  A hornet (shapeshifter) (Vaults:2)
  A harpy zombie (D:15)
  36 jumping spiders
  2 ettin zombies (Vaults:4)
  152 slime creatures
  3 raiju
  40 saltlings (Desolation)
  A tyrant leech (Slime:3)
  11 hornets
  10 snapping turtles
  A stone giant simulacrum (Vaults:2)
  17 dream sheep
  A fire giant simulacrum (Vaults:2)
  A frost giant simulacrum (Vaults:4)
  Sigmund (D:3)
  8 hippogriffs
  A dire elephant simulacrum (IceCv)
  2 air elementals
  16 water elementals
  3 spriggans
  35 tarantellas
  86 redbacks
  2 vampires
  2 hogs (Shoals:1)
  A yak (shapeshifter) (Depths:4)
  A fire bat (shapeshifter) (Depths:1)
  A spriggan skeleton (Depths:1)
  2 ynoxinuls
  42 yaks
  Grum (D:8)
  Eustachio (Abyss:1)
  2 fire elementals (Orc:2)
  2 golden eyes (shapeshifter) (Vaults:4)
  A basilisk (Lair:2)
  3 hungry ghosts
  3 fire bats (Orc:1)
  A steam dragon (D:9)
  9 wraiths
  3 wyverns
  3 golden eyes (Slime:4)
  A chaos spawn (Abyss:5)
  2 basilisks (shapeshifter)
  3 death yak simulacra
  A spectral spiny frog (Gauntlet)
  A neqoxec (Abyss:1)
  A human simulacrum (Vaults:2)
  6 vampire mosquitoes
  7 wargs
  A spiny frog zombie (Abyss:4)
  Menkaure (D:6)
  3 hell hounds (Orc:2)
  4 hydra simulacra (IceCv)
  Duvessa (D:5)
  An acid dragon (shapeshifter) (Vaults:3)
  10 porcupines
  11 water moccasins
  2 acid dragons (Vaults:2)
  2 floating eyes
  A tengu skeleton (Depths:1)
  27 orc warriors
  3 sky beasts
  2 phantoms
  An ice beast (shapeshifter) (Elf:1)
  An ice beast (D:13)
  A black bear (shapeshifter) (Vaults:3)
  3 black bears
  An eye of draining (shapeshifter) (Vaults:4)
  42 ogres
  4 ettin simulacra
  4 boggarts (Vaults:3)
  8 eyes of draining
  5 necrophages
  4 wolves
  A tengu (shapeshifter) (Vaults:4)
  18 centaurs
  12 crocodiles
  5 big kobolds
  3 earth elementals
  8 bullfrogs
  2 wyvern zombies
  Dowan (D:5)
  5 gnoll sergeants
  A tengu simulacrum (Depths:1)
  4 scorpions
  3 killer bees (D:9)
  4 wights
  6 howler monkeys
  3 crimson imps
  A komodo dragon simulacrum (Lair:6)
  A draconian simulacrum (IceCv)
  A quasit (D:13)
  3 hounds
  21 orc priests
  2 bullfrog skeletons
  7 jellies
  20 orc wizards
  An iron imp (D:6)
  An iguana (D:14)
  10 worker ants
  A troll simulacrum (IceCv)
  7 small abominations
  A wolf simulacrum (IceCv)
  3 centaur simulacra (IceCv)
  A hound zombie (D:8)
  A hound skeleton (D:10)
  21 gnolls
  2 naga simulacra (IceCv)
  13 adders
  7 shadow imps
  9 white imps
  7 ufetubi
  An ooze (D:3)
  9 worms
  A dart slug (D:2)
  6 leopard geckos
  76 orcs
  7 giant cockroaches
  14 goblins
  14 hobgoblins
  8 jackals
  40 kobolds
  5 quokkas
  2 ball pythons (D:2)
  A ball python zombie (D:5)
  10 bats
  6 frilled lizards
  A hobgoblin zombie (D:6)
  3 kobold skeletons
  An orc zombie (D:6)
  5 rats
  6 crawling corpses
  3 fungi
  4 pillars of salt (Vaults:1)
  6 plants
2342 creatures vanquished.

Vanquished Creatures (collateral kills)
  A quicksilver dragon (Depths:4)
  A frost giant (Depths:5)
  A fire giant (Depths:4)
  2 deep elf sorcerers (Elf:3)
  A stone giant (Shoals:1)
  A deep elf annihilator (Elf:3)
  A purple draconian (Zot:2)
  Harold (D:9)
  A spriggan air mage (Depths:3)
  2 sea snakes (Shoals:4)
  A harpy (Shoals:1)
  Pikel (D:5)
  An orc knight (Orc:2)
  2 orb spiders (Spider:1)
  A necromancer (Depths:4)
  3 deep elf magi
  5 fauns
  A fire giant zombie (Vaults:3)
  A tengu skeleton (Vaults:4)
  A merfolk siren (Shoals:1)
  A centaur zombie (D:13)
  Maggie (D:6)
  A demonic crawler (Spider:1)
  2 yaktaurs (Vaults:3)
  A jumping spider (Spider:1)
  2 saltlings (Desolation)
  A wind drake (Shoals:1)
  2 snapping turtles (Shoals:1)
  6 slime creatures
  An air elemental (Elf:2)
  A tarantella (Spider:1)
  2 hogs (Shoals:1)
  Edmund (D:6)
  A slave (D:5)
  An orc warrior (Orc:2)
  A sky beast (D:10)
  An ogre (Depths:3)
  A gnoll sergeant (D:9)
  5 wights
  A crimson imp (D:13)
  A hound (D:6)
  An iguana (D:9)
  3 worker ants
  A hound zombie (D:6)
  3 gnolls
  An adder (D:6)
  A leopard gecko (D:6)
  A quokka (D:10)
  A goblin zombie (D:6)
  A kobold (D:13)
  An orc skeleton (D:6)
  A plant (Shoals:1)
78 creatures vanquished.

Vanquished Creatures (others)
  A deep elf blademaster (Elf:3)
  A vault warden (Vaults:4)
  An ironheart preserver (Vaults:1)
  2 deep elf annihilators (Elf:3)
  2 two-headed ogres (D:15)
  5 dancing weapons
  A merfolk aquamancer (Shoals:4)
  A wolf spider (Lair:4)
  A manticore (Shoals:1)
  A centaur skeleton (D:11)
  2 rime drakes (Lair:6)
  A jumping spider (Spider:4)
  Grinder (D:5)
  A tarantella (Spider:3)
  A water elemental (Shoals:4)
  A yak (D:12)
  A hydra simulacrum (Lair:6)
  2 ogres
  An orc warrior (Orc:2)
  2 spiny frog simulacra (Lair:6)
  A crimson imp (D:5)
  A komodo dragon simulacrum (Lair:6)
  An orc priest (Elf:1)
  An orc wizard (Elf:1)
  2 orcs (Elf:1)
  A kobold skeleton (D:6)
  3 fungi (Lair:6)
  22 plants
  6 starspawn tentacles (Abyss:4)
67 creatures vanquished.

Grand Total: 2487 creatures vanquished

Notes
Turn   | Place    | Note
-------+----------+-------------------------------------------
     0 | D:1      | AtlasWard the Ghoul Chaos Knight began the quest for the
                  | Orb.
     0 | D:1      | Reached XP level 1. HP: 19/19 MP: 0/0
   207 | D:1      | Reached XP level 2. HP: 24/26 MP: 1/1
   233 | D:1      | XOM: divination: detect items
   696 | D:2      | Reached XP level 3. HP: 25/33 MP: 2/2
   863 | D:2      | Reached XP level 4. HP: 40/40 MP: 3/3
  1129 | D:2      | XOM: silly message
  1156 | D:2      | XOM: divination: detect creatures
  1173 | D:2      | Found a faded altar of an unknown god.
  1221 | D:2      | XOM: cloud trail
  1388 | D:2      | XOM: noise
  1393 | D:2      | Reached XP level 5. HP: 44/47 MP: 4/4
  1635 | D:2      | XOM: confuse monster(s)
  1689 | D:3      | XOM: silly message
  1806 | D:3      | Noticed Sigmund
  2002 | D:3      | Reached skill level 5 in Axes
  2002 | D:3      | Reached XP level 6. HP: 36/55 MP: 5/5
  2041 | D:3      | Killed Sigmund
  2041 | D:3      | Reached skill level 5 in Fighting
  2379 | D:3      | Found an ornate altar of the Wu Jian Council.
  2458 | D:3      | XOM: silly message
  2484 | D:3      | Found a blossoming altar of Fedhas.
  2487 | D:3      | Found a hazy altar of Hepliaklqana.
  2557 | D:4      | Reached XP level 7. HP: 54/61 MP: 6/6
  2771 | D:4      | XOM: cast spell 'Discord'
  2802 | D:4      | Found a runed translucent door.
  3385 | D:4      | XOM: polymorph scorpion -> water moccasin
  3469 | D:4      | Noticed robertstho's ghost (novice MfBe)
  3486 | D:5      | Entered Level 5 of the Dungeon
  3553 | D:5      | Noticed Prince Ribbit
  3563 | D:4      | XOM: noise
  3584 | D:5      | XOM: confusion (+ monsters)
  3593 | D:5      | Reached XP level 8. HP: 42/71 MP: 7/7
  3649 | D:5      | XOM: smoke on damage
  3653 | D:5      | XOM: enchant monster (good)
  3783 | D:5      | XOM: god gift: warped fire dragon scales {god gift}
  3786 | D:5      | Got warped fire dragon scales {god gift}
  3787 | D:5      | Identified the +8 fire dragon scales of Springtime
                  | {*Corrode rElec rF++ rC- Regen+ MP+9} (Xom gifted it to you
                  | on level 5 of the Dungeon)
  3912 | D:5      | Noticed Eustachio
  3930 | D:5      | XOM: 1-stop teleportation journey
  3941 | D:5      | XOM: potion effect (haste)
  4054 | D:5      | Banished Eustachio
  4094 | D:5      | Noticed Dowan
  4103 | D:5      | Noticed Duvessa
  4110 | D:5      | XOM: swap monsters
  4121 | D:5      | Killed Duvessa
  4122 | D:5      | Killed Dowan
  4153 | D:5      | XOM: god gift: ration
  4191 | D:5      | XOM: polymorph howler monkey -> iguana
  4271 | D:5      | XOM: 8-stop teleportation journey
  4309 | D:5      | Noticed Grinder
  4309 | D:5      | Paralysed by Grinder for 6 turns
  4313 | D:5      | Killed Grinder
  4313 | D:5      | XOM: divine lightning
  4521 | D:5      | XOM: divination: magic mapping
  4606 | D:6      | XOM: stealth player
  4606 | D:6      | Noticed Menkaure
  4612 | D:6      | Killed Menkaure
  4678 | D:6      | Found a white marble altar of Elyvilon.
  4683 | D:6      | Noticed Maggie
  4693 | D:6      | XOM: fog
  4704 | D:6      | Killed Maggie
  4704 | D:6      | Reached XP level 9. HP: 61/80 MP: 8/8
  4745 | D:6      | Found a staircase to the Ecumenical Temple.
  4746 | D:6      | Noticed Edmund
  4751 | D:6      | Killed Edmund
  4794 | D:6      | Found a shadowy altar of Dithmenos.
  4852 | D:6      | Found a glowing drain.
  4861 | Sewer    | Entered a sewer
  5025 | D:6      | XOM: potion effect (stabbing)
  5034 | D:6      | Noticed Pikel
  5038 | D:6      | XOM: divination: detect creatures
  5041 | D:6      | XOM: summons friendly quasit
  5057 | D:6      | XOM: confusion
  5065 | D:6      | XOM: enchant monster (bad)
  5078 | D:5      | Killed Pikel
  5168 | D:6      | XOM: summons 1 hostile shadow creature
  5190 | D:6      | Found a radiant altar of Vehumet.
  5200 | D:6      | XOM: enchant monster (good)
  5225 | D:6      | Found a glowing golden altar of the Shining One.
  5240 | D:6      | XOM: scenery: 2 doors open
  5709 | D:7      | XOM: 1-stop teleportation journey
  5872 | D:7      | Found the +8 mithril axe "Arga" {speed, MR+}
  6139 | D:8      | Reached skill level 1 in Shields
  6169 | D:8      | Noticed Grum
  6191 | D:8      | Reached skill level 10 in Axes
  6194 | D:8      | Reached skill level 2 in Shields
  6194 | D:8      | Reached XP level 10. HP: 77/90 MP: 9/9
  6200 | D:8      | Killed Grum
  6302 | D:8      | Noticed Psyche
  6313 | D:8      | XOM: stat loss: -1 Dex (7/8)
  6321 | D:8      | Cast into level 1 of the Abyss (Psyche)
  6330 | Abyss:1  | XOM: chaos cloud
  6340 | Abyss:1  | Killed Eustachio
  6352 | Abyss:1  | Noticed a large abomination
  6384 | Abyss:1  | Noticed a smoke demon
  6386 | Abyss:1  | XOM: swap monsters
  6387 | Abyss:1  | XOM: summons 3 hostile shadow creatures
  6388 | Abyss:1  | Noticed a rakshasa
  6388 | Abyss:1  | Noticed a large abomination
  6392 | Abyss:1  | Killed a smoke demon
  6405 | Abyss:1  | Noticed an orange demon
  6407 | Abyss:1  | XOM: silly message
  6413 | Abyss:1  | Killed an orange demon
  6413 | Abyss:1  | Reached skill level 3 in Shields
  6414 | Abyss:1  | XOM: chaos cloud
  6427 | Abyss:1  | XOM: fog
  6537 | Abyss:1  | Noticed a smoke demon
  6541 | Abyss:1  | Killed a smoke demon
  6565 | Abyss:1  | Noticed a wretched star
  6570 | D:8      | Escaped the Abyss
  6583 | D:8      | XOM: enchant monster (bad)
  6589 | D:8      | Killed Psyche
  6707 | D:8      | XOM: stat loss: -1 Str (19/20)
  6942 | D:8      | Reached skill level 4 in Shields
  7021 | D:9      | Noticed Harold
  7027 | D:9      | XOM: confuse monster(s)
  7048 | D:9      | Noticed Erolcha
  7057 | D:9      | Killed Erolcha
  7057 | D:9      | Reached skill level 1 in Throwing
  7057 | D:9      | Reached skill level 1 in Dodging
  7059 | D:9      | Reached XP level 11. HP: 73/99 MP: 10/10
  7146 | D:9      | XOM: confuse monster(s)
  7158 | D:9      | Reached skill level 10 in Fighting
  7177 | D:9      | XOM: 3-stop teleportation journey
  7196 | D:9      | XOM: god gift: scroll of vulnerability
  7210 | D:9      | XOM: cast spell 'Summon Dragon'
  7219 | D:9      | Killed Harold
  7245 | D:9      | XOM: 1-stop teleportation journey
  7528 | D:10     | Entered Level 10 of the Dungeon
  7697 | D:10     | XOM: summons 3 friendly demons
  7852 | D:10     | XOM: scenery: create altars
  7857 | D:10     | XOM: confusion
  7861 | D:10     | XOM: enchant monster (bad)
  7872 | D:10     | XOM: 2-stop teleportation journey
  8220 | D:4      | XOM: summons 2 hostile shadow creatures
  8231 | D:4      | Killed robertstho's ghost
  8231 | D:4      | Reached skill level 5 in Armour
  8348 | D:7      | XOM: stat loss: -1 Int (6/7)
  8533 | D:10     | XOM: summons 11 friendly demons
  8586 | D:10     | XOM: noise
  8590 | D:10     | XOM: fake destruction
  8597 | D:10     | XOM: repel stairs
  8650 | D:10     | Found a staircase to the Lair.
  8663 | D:10     | XOM: scenery: create altars
  8758 | D:11     | Noticed a cyclops
  8759 | D:11     | Found a gate leading to a gauntlet.
  8762 | D:11     | Noticed a cyclops
  8775 | D:11     | Killed a cyclops
  8776 | D:11     | Killed a cyclops
  8798 | Gauntlet | Entered a Gauntlet
  8798 | Gauntlet | Found a transporter.
  8798 | Gauntlet | Found a transporter.
  8798 | Gauntlet | Noticed an oklob plant
  8798 | Gauntlet | Noticed a tengu warrior
  8801 | Gauntlet | Found a large runed translucent door.
  8801 | Gauntlet | Found a transporter.
  8802 | Gauntlet | Found a large runed translucent door.
  8803 | Gauntlet | Found a large runed translucent door.
  8803 | Gauntlet | Found a large runed translucent door.
  8803 | Gauntlet | Found a transporter.
  8803 | Gauntlet | Found a runed translucent door.
  8803 | Gauntlet | Found a transporter.
  8803 | Gauntlet | Found a runed translucent door.
  8804 | Gauntlet | Found a large runed translucent door.
  8884 | Gauntlet | Found a large runed translucent door.
  8884 | Gauntlet | Noticed a death scarab
  8885 | Gauntlet | Found a large runed translucent door.
  8885 | Gauntlet | Found a large runed translucent door.
  8886 | Gauntlet | Found a runed translucent gate.
  8886 | Gauntlet | Found a runed translucent gate.
  8886 | Gauntlet | Found a runed translucent gate.
  8888 | Gauntlet | Found a transporter.
  8890 | Gauntlet | Found a transporter.
  8891 | Gauntlet | Found a transporter.
  8893 | Gauntlet | Found a transporter.
  8908 | Gauntlet | Found a transporter.
  8908 | Gauntlet | Found a transporter.
  8912 | Gauntlet | Noticed a wretched star
  8938 | Gauntlet | Found a runed translucent door.
  8961 | Gauntlet | Found a transporter.
  8983 | Gauntlet | Found a large runed translucent door.
  8984 | Gauntlet | Found a large runed translucent door.
  8986 | Gauntlet | Found a large runed translucent door.
  8986 | Gauntlet | Found a large runed translucent door.
  8987 | Gauntlet | Found a large runed translucent door.
  8988 | Gauntlet | Found a large runed translucent door.
  8989 | Gauntlet | Found a large runed translucent door.
  8989 | Gauntlet | Found a large runed translucent door.
  9085 | Gauntlet | XOM: confusion
  9110 | Gauntlet | Killed a tengu warrior
  9201 | Gauntlet | XOM: fog
  9221 | Gauntlet | XOM: confusion
  9229 | Gauntlet | XOM: stat loss: -1 Str (19/20)
  9233 | Gauntlet | Killed a death scarab
  9238 | Gauntlet | Got a pair of twisted boots
  9249 | Gauntlet | Identified the +2 pair of boots of the Untouchables {rPois
                  | rCorr Str+2 Int-3} (You found it in a Gauntlet)
  9291 | Gauntlet | XOM: cleaving
  9304 | Gauntlet | XOM: scenery: create altars
  9315 | Gauntlet | Killed a wretched star
  9315 | Gauntlet | Reached XP level 12. HP: 104/107 MP: 11/11
  9347 | Gauntlet | Noticed a minotaur
  9357 | Gauntlet | Killed a minotaur
  9357 | Gauntlet | Reached skill level 5 in Shields
  9368 | Gauntlet | Got a pair of ancient gloves
  9382 | D:11     | Identified the cursed -7 pair of gloves "Vema" {Dex+6} (You
                  | found it in a Gauntlet)
  9636 | D:11     | XOM: enchant monster (good)
  9743 | D:11     | Noticed a two-headed ogre
  9744 | D:11     | XOM: swap monsters
  9750 | D:11     | Killed a two-headed ogre
  9800 | D:11     | Found a staircase to the Orcish Mines.
  9819 | D:11     | XOM: noise
  9934 | Lair:1   | Entered Level 1 of the Lair of Beasts
 10133 | Lair:1   | XOM: god gift: 7 javelins
 10161 | Lair:1   | Reached skill level 6 in Shields
 10630 | Lair:1   | XOM: silly message
 10943 | Lair:2   | XOM: potion effect (haste)
 10994 | Lair:2   | Reached XP level 13. HP: 116/116 MP: 12/12
 11056 | Lair:2   | XOM: summons 1 hostile demon
 11163 | Lair:2   | Noticed Gastronok
 11180 | Lair:2   | Killed Gastronok
 11180 | Lair:2   | Reached skill level 7 in Shields
 11390 | Lair:3   | Found a staircase to the Shoals.
 11397 | Lair:3   | XOM: summons friendly iron imp
 11399 | Lair:3   | XOM: divination: magic mapping
 11707 | Lair:3   | XOM: god gift: scroll of amnesia
 12243 | Lair:4   | XOM: polymorph hippogriff -> something unseen
 12261 | Lair:4   | XOM: divination: magic mapping
 12263 | Lair:4   | XOM: potion effect (haste)
 12296 | Lair:4   | XOM: scenery: create altars
 12402 | Lair:4   | Found a hole to the Spider Nest.
 12410 | Lair:4   | XOM: divine lightning
 12414 | Lair:4   | XOM: polymorph bullfrog -> worm
 12415 | Lair:4   | Got a warped war axe
 12425 | Lair:4   | Noticed Urug
 12447 | Lair:4   | Killed Urug
 12778 | Lair:4   | Identified the +9 war axe of the Salmon {vorpal, rElec
                  | Str+2 Dex+4} (You found it on level 4 of the Lair of
                  | Beasts)
 12809 | Lair:5   | XOM: fog
 12843 | Lair:5   | XOM: cleaving
 12847 | Lair:5   | XOM: cast spell 'Alistair's Intoxication'
 12977 | Lair:5   | XOM is BORED!
 13027 | Lair:5   | Found a staircase to the Slime Pits.
 13032 | Lair:5   | XOM: confuse monster(s)
 13155 | Lair:5   | Reached skill level 8 in Shields
 13243 | Lair:5   | XOM: scenery: create altars
 13264 | Lair:5   | XOM: god gift: scroll of amnesia
 13375 | Lair:5   | XOM: scenery: create altars
 13520 | Lair:5   | XOM: god gift: book of Cantrips
 13534 | Lair:4   | XOM: summons 3 friendly demons
 13762 | Lair:5   | XOM: god gift: rapier {god gift}
 13784 | Lair:6   | Entered Level 6 of the Lair of Beasts
 13785 | Lair:6   | XOM: swap monsters
 13787 | Lair:6   | Reached skill level 15 in Axes
 13955 | Lair:6   | Noticed Likado's ghost (journeyman TeAE)
 13978 | Lair:6   | XOM: 1-stop teleportation journey
 13984 | Lair:6   | XOM: god gift: potion of might
 14018 | Lair:6   | XOM: confuse monster(s)
 14055 | Lair:6   | Reached XP level 14. HP: 116/127 MP: 13/13
 14114 | Lair:6   | Found a runed translucent gate.
 14114 | Lair:6   | Found a runed translucent gate.
 14114 | Lair:6   | Found a runed translucent gate.
 14158 | Lair:6   | XOM: polymorph spiny frog -> blink frog
 14203 | Lair:6   | XOM: summons 11 friendly demons
 14264 | Lair:6   | XOM: confuse monster(s)
 14327 | Lair:6   | XOM: scenery: create altars
 14597 | Lair:6   | XOM: noise
 14616 | Lair:6   | Reached skill level 9 in Shields
 14634 | Lair:6   | XOM: summons 8 friendly demons
 14922 | Lair:6   | XOM: god gift: potion of curing
 15174 | Lair:6   | Killed Likado's ghost
 15189 | Lair:6   | XOM: god gift: metal-bound book {god gift}
 15277 | Lair:6   | XOM: scenery: 3 doors close
 15367 | Lair:2   | XOM: god gift: book of the Dragon
 15490 | D:12     | Found a flagged portal.
 15515 | Bailey   | Entered a bailey
 15690 | Bailey   | XOM: stat loss: -1 Dex (7/8)
 15741 | Bailey   | XOM: 1-stop teleportation journey
 15850 | D:12     | XOM: god gift: ration
 15885 | D:12     | XOM: confusion (+ monsters)
 15909 | D:12     | XOM: swap monsters
 15951 | D:12     | Noticed Nessos
 15964 | D:12     | XOM: enchant monster (good)
 15965 | D:12     | XOM: divination: magic mapping
 15968 | D:12     | XOM: enchant monster (good)
 15970 | D:12     | XOM: divine lightning
 15977 | D:12     | Killed Nessos
 16018 | D:12     | Found Imeguz's Antique Weapon Shop.
 16326 | D:12     | Noticed Snorg
 16334 | D:12     | Killed Snorg
 16508 | D:13     | XOM: noise
 16521 | D:13     | XOM: divination: detect creatures
 16562 | D:13     | XOM: blink monster(s)
 16599 | D:13     | XOM: noise
 16600 | D:13     | XOM: summons friendly crimson imp
 16645 | D:13     | Reached XP level 15. HP: 124/136 MP: 14/14
 16656 | D:13     | Reached skill level 10 in Shields
 16672 | D:13     | XOM: 4-stop teleportation journey
 16808 | D:13     | Reached XP level 16. HP: 143/146 MP: 15/15
 17119 | D:13     | XOM: silly message
 17143 | D:13     | Found a gate to the Vaults.
 17362 | D:14     | Found a burning altar of Makhleb.
 17745 | D:14     | XOM: summons 1 hostile shadow creature
 18026 | D:15     | Entered Level 15 of the Dungeon
 18100 | D:15     | Noticed Josephine
 18103 | D:15     | XOM: destruction
 18109 | D:15     | XOM: noise
 18117 | D:15     | XOM: blink monster(s)
 18129 | D:15     | XOM: chaos cloud
 18130 | D:15     | Killed Josephine
 18134 | D:15     | Paralysed by you for 7 turns
 18268 | D:15     | XOM: scenery: create altars
 18568 | D:15     | Found a staircase to the Depths.
 18578 | D:15     | XOM: divine lightning
 18772 | D:15     | XOM: cloud trail
 18843 | D:15     | XOM: enchant monster (good)
 19067 | Orc:1    | Entered Level 1 of the Orcish Mines
 19078 | Orc:1    | XOM: cleaving
 19082 | Orc:1    | XOM: enchant monster (good)
 19161 | Orc:1    | XOM is BORED!
 19161 | Orc:1    | XOM: 1-stop teleportation journey
 19281 | Orc:1    | XOM: scenery: create altars
 19286 | Orc:1    | XOM: 6-stop teleportation journey
 19410 | Orc:1    | Reached skill level 11 in Shields
 19519 | Orc:2    | Entered Level 2 of the Orcish Mines
 19670 | Orc:2    | Found a staircase to the Elven Halls.
 19700 | Orc:2    | Noticed Maurice
 19840 | Orc:2    | Killed Maurice
 19955 | Orc:2    | Found a runed translucent door.
 20069 | Orc:2    | Noticed Azrael
 20085 | Orc:2    | Killed Azrael
 20086 | Orc:2    | Noticed Jorgrun
 20092 | Orc:2    | XOM: potion effect (invisibility)
 20101 | Orc:2    | Killed Jorgrun
 20114 | Orc:2    | Noticed Saint Roka
 20134 | Orc:2    | Found Inode Hebru's Assorted Antiques.
 20134 | Orc:2    | Found Hagrumoo's Weapon Shoppe.
 20161 | Orc:2    | XOM: cast spell 'Dispersal'
 20178 | Orc:2    | XOM: divination: magic mapping
 20323 | Orc:2    | XOM: scenery: create altars
 20390 | Orc:2    | XOM: scenery: create altars
 20421 | Orc:2    | XOM: potion effect (curing)
 20491 | Orc:2    | XOM: cast spell 'Alistair's Intoxication'
 20611 | Orc:2    | XOM: divination: detect items
 20629 | Orc:2    | XOM: silly message
 20877 | Orc:2    | XOM: summons 2 friendly demons
 20883 | Orc:2    | XOM: cast spell 'Leda's Liquefaction'
 20903 | Orc:2    | Killed Saint Roka
 20903 | Orc:2    | Reached skill level 15 in Fighting
 21085 | Orc:2    | Found Jiubon Jeig's Book Boutique.
 21085 | Orc:2    | Found Vyngo's Magic Scroll Boutique.
 21106 | Orc:2    | Bought a glowing scarf for 264 gold pieces
 21116 | Orc:2    | Bought a scroll of silence for 75 gold pieces
 21116 | Orc:2    | Bought a scroll of teleportation for 30 gold pieces
 21116 | Orc:2    | Bought a scroll of summoning for 95 gold pieces
 21178 | Orc:2    | Noticed stigmas's ghost (journeyman TrMo)
 21180 | Orc:2    | XOM: divination: detect items
 21229 | Orc:2    | Killed stigmas's ghost
 21284 | Orc:2    | XOM: summons 1 hostile demon
 21381 | Lair:1   | XOM: god gift: mace {god gift}
 21480 | Slime:1  | Entered Level 1 of the Pits of Slime
 21480 | Slime:1  | Noticed an acid blob
 21488 | Lair:5   | Killed an acid blob
 21526 | Slime:1  | Reached XP level 17. HP: 142/155 MP: 16/16
 21556 | Slime:1  | XOM: summons 2 friendly demons
 21749 | Slime:1  | XOM: 2-stop teleportation journey
 21750 | Slime:1  | Noticed an acid blob
 21756 | Slime:1  | Killed an acid blob
 21807 | Slime:1  | Reached skill level 12 in Shields
 21864 | Slime:1  | XOM: silly message
 22009 | Slime:2  | Noticed an acid blob
 22010 | Slime:2  | XOM: swap monsters
 22011 | Slime:2  | Noticed an acid blob
 22126 | Spider:1 | Entered Level 1 of the Spider Nest
 22143 | Spider:1 | Found a runed translucent gate.
 22143 | Spider:1 | Found a runed translucent gate.
 22194 | Spider:1 | Noticed Ceann's ghost (journeyman OpVM)
 22223 | Spider:1 | XOM: cast spell 'Summon Small Mammal'
 22226 | Spider:1 | XOM: summons 11 friendly demons
 22227 | Spider:1 | XOM: god gift: pair of heavily runed boots {god gift}
 22228 | Spider:1 | Got a pair of heavily runed boots {god gift}
 22236 | Spider:1 | XOM: enchant monster (good)
 22237 | Spider:1 | XOM: polymorph shadow imp -> crimson imp
 22243 | Spider:1 | XOM: divination: detect creatures
 22245 | Spider:1 | XOM: divination: magic mapping
 22280 | Spider:1 | XOM: potion effect (might)
 22302 | Spider:1 | XOM: enchant monster (good)
 22415 | Spider:1 | Found a runed translucent gate.
 22439 | Spider:1 | XOM: divination: magic mapping
 22514 | Spider:1 | XOM: divination: detect creatures
 22518 | Spider:1 | XOM: cast spell 'Ring of Flames'
 22625 | Spider:1 | XOM: divination: magic mapping
 22718 | Spider:1 | XOM: noise
 22742 | Spider:1 | Identified the +0 pair of boots of Incorporation {Slay+3}
                  | (Xom gifted it to you on level 1 of the Spider Nest)
 22827 | Spider:1 | XOM: confuse monster(s)
 22831 | Spider:1 | XOM: noise
 22833 | Spider:1 | XOM: summons friendly ufetubus
 22837 | Spider:1 | XOM: blink monster(s)
 22842 | Spider:1 | XOM: blink monster(s)
 22865 | Spider:1 | Killed Ceann's ghost
 22931 | Spider:2 | XOM: summons 8 friendly demons
 22940 | Spider:2 | XOM: silly message
 22948 | Spider:2 | XOM: silly message
 22969 | Spider:2 | Reached skill level 13 in Shields
 22980 | Spider:2 | XOM: divination: magic mapping
 22994 | Spider:2 | XOM: enchant monster (bad)
 22995 | Spider:2 | XOM: noise
 23099 | Spider:1 | XOM: silly message
 23309 | Spider:2 | XOM: potion effect (might)
 23327 | Spider:2 | XOM: potion effect (invisibility)
 23342 | Spider:2 | Reached skill level 1 in Spellcasting
 23418 | Spider:2 | You fall into a shaft and drop 1 floor!
 23429 | Spider:3 | XOM: noise
 23445 | Spider:3 | Noticed Donald
 23454 | Spider:3 | XOM: summons friendly crimson imp
 23459 | Spider:3 | Killed Donald
 23529 | Spider:3 | Noticed Arachne
 23560 | Spider:3 | Killed Arachne
 23647 | Spider:3 | Reached XP level 18. HP: 169/169 MP: 21/21
 23854 | Spider:3 | XOM: summons 4 hostile shadow creatures
 23857 | Spider:3 | XOM: polymorph jumping spider -> floating eye
 23915 | Spider:2 | XOM: 1-stop teleportation journey
 23952 | Spider:2 | XOM: summons 5 hostile demons
 24056 | Spider:2 | Found a runed translucent door.
 24652 | Spider:3 | XOM: noise
 24723 | Spider:4 | Entered Level 4 of the Spider Nest
 24750 | Spider:4 | XOM: blink monster(s)
 24800 | Spider:4 | Reached skill level 14 in Shields
 24801 | Spider:4 | XOM: summons 2 hostile demons
 24962 | Spider:4 | XOM: swap monsters
 25070 | Spider:4 | Reached skill level 5 in Spellcasting
 25077 | Spider:4 | XOM: 1-stop teleportation journey
 25094 | Spider:4 | XOM: 2-stop teleportation journey
 25463 | Spider:4 | XOM: summons 3 hostile shadow creatures
 25618 | Spider:4 | XOM: noise
 25627 | Spider:4 | XOM: divination: detect creatures
 25653 | Spider:4 | XOM: summons 3 hostile shadow creatures
 25703 | Spider:4 | XOM: swap monsters
 25712 | Spider:4 | XOM: enchant monster (bad)
 25723 | Spider:4 | XOM: cast spell 'Summon Butterflies'
 25741 | Spider:4 | XOM: potion effect (invisibility)
 25767 | Spider:4 | Learned a level 1 spell: Animate Skeleton
 25845 | Spider:4 | Reached skill level 1 in Necromancy
 25868 | Spider:4 | XOM: divination: detect creatures
 25990 | Spider:4 | XOM: 4-stop teleportation journey
 25994 | Spider:4 | XOM: enchant monster (bad)
 26141 | Spider:4 | Got a gossamer rune of Zot
 26203 | Spider:4 | XOM: divination: detect creatures
 26604 | Shoals:1 | Entered Level 1 of the Shoals
 26606 | Shoals:1 | XOM: noise
 26613 | Shoals:1 | XOM: cast spell 'Cause Fear'
 26614 | Shoals:1 | XOM: confuse monster(s)
 26633 | Shoals:1 | Reached XP level 19. HP: 171/178 MP: 27/27
 26706 | Shoals:1 | XOM: polymorph cyclops -> mana viper
 26802 | Shoals:1 | XOM: divination: detect creatures
 27132 | Slime:2  | XOM: confuse monster(s)
 27144 | Slime:2  | XOM: summons 6 friendly demons
 27201 | Slime:2  | Reached skill level 15 in Shields
 27224 | Slime:2  | XOM: 3-stop teleportation journey
 27371 | Shoals:1 | Noticed Kirke
 27372 | Shoals:1 | XOM: divination: detect items
 27378 | Shoals:1 | Noticed Kirke
 27378 | Shoals:1 | XOM: polymorph something unseen -> Kirke the stone giant
 27381 | Shoals:1 | XOM: summons 16 friendly demons
 27386 | Shoals:1 | Killed Kirke the stone giant
 27525 | Shoals:1 | Reached skill level 5 in Necromancy
 27665 | Shoals:1 | XOM: silly message
 27750 | Shoals:1 | XOM: silly message
 27891 | Shoals:1 | XOM: potion effect (haste)
 28125 | Shoals:1 | XOM: divination: detect items
 28293 | Shoals:1 | XOM is BORED!
 28471 | Slime:2  | XOM: silly message
 28482 | Slime:2  | XOM: cloud trail
 28507 | Slime:2  | XOM: potion effect (brilliance)
 28581 | Slime:2  | XOM: potion effect (might)
 28894 | Slime:1  | XOM: cast spell 'Olgreb's Toxic Radiance'
 28981 | Slime:1  | XOM: cast spell 'Olgreb's Toxic Radiance'
 29132 | Slime:3  | XOM: noise
 29152 | Slime:3  | XOM: cast spell 'Call Canine Familiar'
 29166 | Slime:2  | XOM: potion effect (might)
 29632 | Slime:3  | XOM: stat loss: -1 Int (4/5)
 29665 | Slime:3  | XOM: polymorph slime creature -> tyrant leech
 29967 | Slime:4  | XOM: repel stairs
 30078 | Slime:4  | XOM: confusion
 30090 | Slime:4  | XOM: 1-stop teleportation journey
 30095 | Slime:4  | XOM: enchant monster (good)
 30190 | Slime:4  | Reached skill level 16 in Shields
 30190 | Slime:4  | Reached XP level 20. HP: 190/191 MP: 28/28
 30329 | Slime:4  | XOM: scenery: create altars
 30410 | Slime:4  | XOM: god gift: plate armour {god gift}
 30452 | Slime:4  | XOM: polymorph slime creature -> shapeshifter
 30454 | Slime:4  | XOM: god gift: 6 javelins
 30460 | Slime:4  | XOM: chaos cloud
 30705 | Slime:5  | Entered Level 5 of the Pits of Slime
 30744 | Slime:4  | XOM: god gift: wand of digging (5)
 30853 | Shoals:1 | XOM: 3-stop teleportation journey
 30880 | Shoals:2 | XOM: god gift: wand of paralysis (9)
 30885 | Shoals:2 | XOM: summons 13 friendly demons
 31073 | Shoals:2 | XOM: polymorph manticore -> eye of devastation
 31117 | Shoals:2 | XOM: 4-stop teleportation journey
 31130 | Shoals:2 | XOM: cleaving
 31164 | Shoals:2 | XOM: divination: detect creatures
 31395 | Shoals:2 | XOM: blink monster(s)
 31421 | Shoals:2 | XOM: confuse monster(s)
 31943 | Shoals:3 | Found a frozen archway.
 31983 | IceCv    | Entered an ice cave
 32046 | IceCv    | XOM: 4-stop teleportation journey
 32207 | IceCv    | XOM: scenery: create altars
 32214 | IceCv    | XOM: cloud trail
 32373 | IceCv    | XOM: 1-stop teleportation journey
 32423 | IceCv    | XOM: god gift: book of Necromancy
 32452 | IceCv    | XOM: stat loss: -1 Str (32/33)
 32457 | IceCv    | XOM: 2-stop teleportation journey
 32517 | IceCv    | XOM: stat loss: -1 Dex (9/10)
 32812 | IceCv    | Got a pair of scorched gloves
 32822 | IceCv    | Got a brightly glowing war axe
 32825 | IceCv    | Identified the +5 war axe of Resourcefulness {freeze,
                  | Int+3} (You found it in an ice cave)
 32830 | IceCv    | XOM: silly message
 32861 | IceCv    | Identified the cursed +0 pair of gloves of Midnight
                  | {*Corrode Int+4} (You found it in an ice cave)
 33087 | Shoals:3 | XOM: silly message
 33162 | Shoals:3 | XOM: silly message
 33168 | Shoals:3 | XOM: silly message
 33181 | Shoals:3 | XOM: potion effect (stabbing)
 33273 | Shoals:3 | Reached skill level 17 in Shields
 33658 | Shoals:4 | Entered Level 4 of the Shoals
 33658 | Shoals:4 | Found Patoh's Jewellery Shoppe.
 33677 | Shoals:4 | Bought an uncursed ring of protection from magic for 375
                  | gold pieces
 33801 | Shoals:4 | XOM: potion effect (haste)
 33802 | Shoals:4 | XOM: divination: detect items
 33806 | Shoals:4 | XOM: divination: magic mapping
 33809 | Shoals:4 | XOM: silly message
 33831 | Shoals:4 | XOM: potion effect (haste)
 33862 | Shoals:4 | XOM: stat loss: -1 Str (26/27)
 33866 | Shoals:4 | XOM: polymorph merfolk -> shining eye
 33912 | Shoals:4 | XOM: potion effect (haste)
 33914 | Shoals:4 | XOM: destruction
 33972 | Shoals:4 | XOM: scenery: create altars
 34030 | Shoals:4 | Got a scintillating brass amulet
 34031 | Shoals:4 | Identified the amulet of Wakhlus {RegenMP +Inv Int-2 Dex+5}
                  | (You found it on level 4 of the Shoals)
 34258 | Shoals:4 | XOM: divine lightning
 34316 | Shoals:4 | XOM: summons 3 friendly demons
 34597 | Shoals:4 | Learned a level 5 spell: Borgnjor's Vile Clutch
 34671 | Shoals:4 | XOM: 1-stop teleportation journey
 34727 | Shoals:4 | XOM: divination: detect creatures
 34785 | Shoals:4 | Cast into level 3 of the Abyss (Xom)
 34785 | Abyss:3  | Found a corrupted altar of Lugonu.
 34827 | Shoals:4 | Escaped the Abyss
 34888 | Shoals:4 | Got a barnacled rune of Zot
 35006 | Shoals:4 | Reached skill level 1 in Earth Magic
 35075 | Shoals:4 | XOM: divination: magic mapping
 35099 | Shoals:4 | XOM: blink monster(s)
 35105 | Shoals:4 | XOM: potion effect (stabbing)
 35539 | Depths:1 | Entered Level 1 of the Depths
 35540 | Depths:1 | XOM: enchant monster (bad)
 35555 | Depths:1 | Found a gateway to a ziggurat.
 35555 | Depths:1 | XOM: 1-stop teleportation journey
 35561 | Depths:1 | XOM: blink monster(s)
 35562 | Depths:1 | XOM: stat loss: -1 Dex (9/10)
 35563 | Depths:1 | XOM: enchant monster (bad)
 35605 | Depths:1 | Found a one-way gate to the infinite horrors of the Abyss.
 35612 | Depths:1 | XOM: stat loss: -1 Str (26/27)
 35613 | Depths:1 | Reached XP level 21. HP: 168/201 MP: 29/29
 35667 | Depths:1 | Reached skill level 18 in Shields
 35683 | Depths:1 | Reached skill level 5 in Earth Magic
 35747 | Depths:1 | Found Luocrug's Magic Scroll Emporium.
 35748 | Depths:1 | XOM: silly message
 35753 | Depths:1 | XOM: enchant monster (bad)
 35760 | Depths:1 | XOM: noise
 35824 | Depths:1 | Found a gateway to Hell.
 35837 | Depths:1 | XOM: noise
 35976 | Depths:1 | XOM: fog
 35996 | Depths:1 | XOM: 1-stop teleportation journey
 36017 | Depths:1 | XOM: 1-stop teleportation journey
 36103 | Depths:1 | XOM: smoke on damage
 36250 | Depths:1 | XOM: confusion
 36261 | Depths:1 | XOM: polymorph ice dragon -> satyr
 36401 | Depths:1 | XOM: confuse monster(s)
 36620 | Depths:1 | Found Guergh's Jewellery Shop.
 36620 | Depths:1 | Found Reutze Kazo's Gadget Emporium.
 36621 | Depths:1 | Found Omaelo's Gadget Emporium.
 36632 | Depths:1 | Bought the ring of the Past {rElec rC+ Dex+6} for 722 gold
                  | pieces
 36715 | Depths:1 | Bought a scroll of blinking for 150 gold pieces
 36715 | Depths:1 | Bought a scroll of magic mapping for 70 gold pieces
 36715 | Depths:1 | Bought a scroll of teleportation for 60 gold pieces
 36715 | Depths:1 | Bought a scroll of teleportation for 60 gold pieces
 36898 | Depths:2 | XOM: potion effect (stabbing)
 36949 | Depths:2 | XOM: polymorph hell knight -> death drake
 36950 | Depths:2 | XOM: divination: detect items
 36961 | Depths:2 | XOM: god gift: 19 gold pieces
 37039 | Depths:2 | XOM: fog
 37057 | Depths:2 | XOM: chaos cloud
 37105 | Depths:2 | Found a gateway to a bazaar.
 37454 | Depths:2 | XOM: chaos upgrade
 37460 | Depths:2 | XOM: chaos cloud
 37489 | Depths:2 | XOM: 1-stop teleportation journey
 37555 | Depths:2 | XOM: swap monsters
 37598 | Depths:2 | XOM: potion effect (invisibility)
 37857 | Depths:2 | XOM: 2-stop teleportation journey
 37890 | Depths:2 | XOM: noise
 37990 | Depths:2 | XOM: divination: magic mapping
 38038 | Depths:2 | XOM: noise
 38041 | Depths:2 | XOM: cast spell 'Summon Butterflies'
 38225 | Depths:3 | XOM: enchant monster (good)
 38263 | Depths:3 | XOM: potion effect (magic)
 38265 | Depths:3 | Paralysed by a floating eye for 3 turns
 38269 | Depths:3 | XOM: divination: detect items
 38270 | Depths:3 | XOM: confuse monster(s)
 38281 | Depths:3 | Paralysed by a floating eye for 2 turns
 38306 | Depths:3 | XOM: cast spell 'Death Channel'
 38492 | Depths:3 | XOM: confuse monster(s)
 38569 | Depths:3 | XOM: cast spell 'Chain of Chaos'
 38583 | Depths:3 | XOM: summons 2 friendly demons
 38592 | Depths:3 | XOM: divination: magic mapping
 38601 | Depths:3 | XOM: enchant monster (good)
 38666 | Depths:3 | XOM: 2-stop teleportation journey
 38765 | Depths:3 | Reached XP level 22. HP: 174/208 MP: 33/33
 38824 | Depths:3 | XOM: enchant monster (bad)
 38854 | Depths:3 | XOM: summons 4 friendly demons
 38881 | Depths:3 | XOM: polymorph crimson imp -> iron imp
 38933 | Depths:3 | XOM: swap monsters
 38942 | Depths:3 | Identified the +1 robe of the Swamp {Harm +Fly rElec Int-2}
 38945 | Depths:3 | XOM: swap monsters
 38946 | Depths:3 | Noticed a caustic shrike
 38946 | Depths:3 | Noticed a golden dragon
 38977 | Depths:3 | Reached skill level 10 in Necromancy
 38984 | Depths:3 | XOM: confuse monster(s)
 38989 | Depths:3 | XOM: swap monsters
 38989 | Depths:3 | Killed a golden dragon
 39003 | Depths:3 | Killed a caustic shrike
 39015 | Depths:3 | Identified Xom's Catalogue of the Dove (Xom gifted it to
                  | you on level 3 of the Depths)
 39015 | Depths:3 | XOM: god gift: Xom's Catalogue of the Dove
 39048 | Depths:3 | Got a slimy granite ring
 39049 | Depths:3 | Identified the ring "Udiroi Jisu" {Fire *Contam +Inv rPois
                  | Str+5} (You found it on level 3 of the Depths)
 39141 | Depths:3 | XOM: confusion
 39146 | Depths:3 | Found a one-way gate leading to the halls of Pandemonium.
 39159 | Depths:3 | XOM: enchant monster (bad)
 39191 | Depths:3 | XOM: summons 1 hostile demon
 39431 | Depths:3 | Reached skill level 19 in Shields
 39628 | Depths:3 | XOM: blink monster(s)
 39761 | Depths:3 | Cast into level 4 of the Abyss (Xom)
 39777 | Abyss:4  | Noticed a profane servitor
 39788 | Abyss:4  | XOM: enchant monster (good)
 39797 | Abyss:4  | Killed a profane servitor
 39872 | Abyss:4  | XOM: divination: detect creatures
 39924 | Abyss:4  | XOM: cast spell 'Call Canine Familiar'
 39961 | Abyss:4  | Found a corrupted altar of Lugonu.
 40013 | Abyss:4  | XOM: cast spell 'Death Channel'
 40015 | Abyss:4  | Got an abyssal rune of Zot
 40016 | Abyss:4  | XOM: enchant monster (good)
 40038 | Depths:3 | Escaped the Abyss
 40201 | Depths:3 | XOM: cloud trail
 40294 | Depths:3 | XOM: enchant monster (good)
 40301 | Depths:3 | XOM: enchant monster (good)
 40551 | D:15     | XOM: summons 1 hostile demon
 40747 | Lair:2   | XOM: scenery: 1 doors open
 40928 | Orc:2    | Bought a scroll of enchant armour for 75 gold pieces
 41102 | Depths:1 | Bought a scroll of enchant armour for 150 gold pieces
 41102 | Depths:1 | Bought a scroll of enchant armour for 150 gold pieces
 41102 | Depths:1 | Bought a scroll of enchant armour for 150 gold pieces
 41178 | Depths:4 | XOM: god gift: 46 gold pieces
 41198 | Depths:4 | XOM: smoke on damage
 41219 | Depths:4 | XOM: scenery: create altars
 41586 | Depths:4 | XOM: confuse monster(s)
 41591 | Depths:4 | XOM: confuse monster(s)
 41667 | Depths:4 | Reached skill level 10 in Earth Magic
 41678 | Depths:4 | XOM: summons 5 friendly demons
 41686 | Depths:4 | XOM: fake destruction
 41688 | Depths:4 | XOM: summons friendly shadow imp
 41689 | Depths:4 | XOM: polymorph hell knight -> glowing shapeshifter
 41717 | Depths:4 | Reached XP level 23. HP: 180/215 MP: 32/35
 41736 | Depths:4 | Noticed a golden dragon
 41741 | Depths:4 | XOM: cast spell 'Summon Dragon'
 41749 | Depths:4 | Killed a golden dragon
 42259 | Depths:4 | XOM: confusion
 42269 | Depths:4 | XOM: polymorph ettin -> slime creature
 42274 | Depths:4 | XOM: summons 6 friendly demons
 42278 | Depths:4 | XOM: scenery: create altars
 42637 | Depths:4 | XOM: fog
 42661 | Depths:4 | XOM: confuse monster(s)
 42679 | Depths:4 | XOM: confuse monster(s)
 42705 | Depths:4 | XOM: enchant monster (bad)
 42750 | Depths:4 | Identified Duxkiemu's Disquisition on Snow (Xom gifted it
                  | to you on level 4 of the Depths)
 42750 | Depths:4 | XOM: god gift: Duxkiemu's Disquisition on Snow
 42988 | Depths:5 | Entered Level 5 of the Depths
 43000 | Depths:5 | XOM: cast spell 'Summon Dragon'
 43048 | Depths:5 | Found a large runed translucent door.
 43048 | Depths:5 | Found a large runed translucent door.
 43053 | Depths:5 | Noticed Sin92's ghost (adept MiFi)
 43119 | Depths:5 | XOM: cloud trail
 43224 | Depths:5 | Reached skill level 20 in Shields
 43424 | Depths:5 | XOM: summons 2 friendly demons
 43498 | Depths:5 | XOM: divination: magic mapping
 43509 | Depths:5 | XOM: cast spell 'Shadow Creatures'
 43614 | Depths:5 | XOM: chaos upgrade
 43676 | Depths:5 | XOM: potion effect (stabbing)
 43786 | Depths:5 | XOM: silly message
 43801 | Depths:5 | XOM: silly message
 44250 | Depths:5 | XOM: silly message
 44463 | Depths:5 | Noticed a golden dragon
 44463 | Depths:5 | XOM: potion effect (haste)
 44466 | Depths:5 | Found a gate to the Realm of Zot.
 44475 | Depths:5 | XOM: potion effect (invisibility)
 44485 | Depths:5 | XOM: summons friendly iron imp
 44493 | Depths:5 | Killed a golden dragon
 44911 | Lair:1   | XOM: cloud trail
 45060 | Slime:5  | XOM: polymorph azure jelly -> azure jelly
 45064 | Slime:5  | XOM: destruction
 45070 | Slime:4  | XOM: summons 5 friendly demons
 45299 | Slime:5  | XOM: summons friendly ufetubus
 45348 | Slime:5  | Noticed the Royal Jelly
 45361 | Slime:5  | XOM: potion effect (haste)
 45365 | Slime:5  | Killed the Royal Jelly
 45387 | Slime:5  | XOM: potion effect (haste)
 45554 | Slime:4  | XOM: silly message
 46003 | Slime:5  | XOM: noise
 46009 | Slime:5  | XOM: divination: detect creatures
 46012 | Slime:5  | XOM: divination: detect items
 46034 | Slime:5  | XOM: noise
 46039 | Slime:5  | XOM: divination: detect creatures
 46201 | Slime:5  | XOM: noise
 46259 | Slime:5  | XOM: silly message
 46275 | Slime:5  | XOM: 2-stop teleportation journey
 46371 | Slime:5  | Found the +15 Maxwell's patent armour {-Cast -Tele rElec
                  | MR+ rCorr}
 46378 | Slime:5  | XOM: silly message
 46389 | Slime:5  | Identified the Collected Works on Quantum Cold
 46444 | Slime:5  | Got a slimy rune of Zot
 46478 | Slime:5  | Identified Sif Muna's Volume of the Rocks and Necromancy
 46623 | Slime:5  | Reached XP level 24. HP: 216/216 MP: 35/35
 46856 | Slime:5  | Got a polished plate armour
 46862 | Slime:5  | Identified the cursed +0 plate armour of Huocsyja {rC+
                  | Int+4 SInv} (You found it on level 5 of the Pits of Slime)
 46865 | Slime:5  | Got an ichor-stained morningstar
 46866 | Slime:5  | Identified the +1 morningstar of Bread {vorpal, Dex+3} (You
                  | found it on level 5 of the Pits of Slime)
 47215 | Vaults:1 | Entered Level 1 of the Vaults
 47408 | Vaults:1 | Got an ancient plate armour
 47409 | Vaults:1 | Identified the cursed +1 plate armour of Entitlement {MR+
                  | Dex+2 SInv} (You found it on level 1 of the Vaults)
 47425 | Vaults:1 | XOM: confuse monster(s)
 47428 | Vaults:1 | XOM: confusion (+ monsters)
 47446 | Vaults:1 | XOM: confuse monster(s)
 47450 | Vaults:1 | XOM: confuse monster(s)
 47503 | Vaults:1 | XOM: cast spell 'Cause Fear'
 47633 | Vaults:1 | Found a ruined gateway.
 47714 | Vaults:1 | XOM: noise
 47775 | Vaults:1 | XOM: potion effect (stabbing)
 47809 | Vaults:1 | XOM: potion effect (haste)
 47815 | Desolati | Entered the Desolation of Salt
 47930 | Desolati | XOM: silly message
 47964 | Desolati | Reached skill level 10 in Armour
 48024 | Desolati | Got a slimy plate armour
 48025 | Desolati | Identified the +7 plate armour "Xegumm" {rPois rCorr Str-5
                  | Dex+6} (You found it in the Desolation of Salt)
 48033 | Desolati | Got a steaming platinum amulet
 48034 | Desolati | Identified the amulet "Hugar" {Inacc *Drain rC+ MR+} (You
                  | found it in the Desolation of Salt)
 48037 | Desolati | Got a jewelled mace
 48149 | Desolati | XOM: noise
 48436 | Desolati | XOM: enchant monster (good)
 48439 | Desolati | XOM: confuse monster(s)
 48600 | Desolati | Identified the Almanac of Good Luck and Poisoning
 48603 | Desolati | Got a brightly glowing whip
 48736 | Desolati | Identified the Disquisition on Lightness
 49006 | Vaults:1 | XOM: chaos upgrade
 49184 | Vaults:1 | XOM: potion effect (heal wounds)
 49669 | Vaults:1 | XOM: god gift: 53 gold pieces
 49755 | Vaults:2 | XOM: cast spell 'Summon Mana Viper'
 49765 | Vaults:2 | XOM: enchant monster (bad)
 49775 | Vaults:2 | XOM: enchant monster (good)
 49884 | Vaults:2 | Found Keagriav's Jewellery Emporium.
 49906 | Vaults:2 | XOM: fog
 49948 | Vaults:2 | XOM: summons 2 hostile demons
 50092 | Vaults:2 | XOM: polymorph orc knight -> glowing shapeshifter
 50341 | Vaults:2 | XOM is BORED!
 50434 | Vaults:2 | Found Waubeutu's Assorted Antiques.
 50452 | Vaults:2 | Bought a potion of curing for 102 gold pieces
 50499 | Vaults:2 | XOM: stat loss: -1 Dex (16/17)
 50505 | Vaults:2 | XOM: stat loss: -1 Dex (15/17)
 50581 | Vaults:2 | XOM: confusion
 50706 | Vaults:2 | XOM: chaos cloud
 50718 | Vaults:2 | XOM: chaos upgrade
 51156 | Vaults:2 | Identified a scroll of acquirement
 51274 | Vaults:3 | Noticed Frederick
 51290 | Vaults:3 | Killed Frederick
 51319 | Vaults:3 | XOM: enchant monster (bad)
 51333 | Vaults:3 | Reached XP level 25. HP: 220/231 MP: 35/35
 51343 | Vaults:3 | XOM: confusion (+ monsters)
 51365 | Vaults:3 | XOM: noise
 51376 | Vaults:3 | XOM: stat loss: -1 Str (25/26)
 51447 | Vaults:3 | XOM: summons 9 hostile demons
 51518 | Vaults:3 | XOM: swap monsters
 51582 | Vaults:3 | XOM: noise
 51595 | Vaults:3 | XOM: cleaving
 51600 | Vaults:3 | Found a staircase to the Crypt.
 51600 | Vaults:3 | XOM: swap monsters
 51647 | Vaults:3 | XOM: confusion
 51649 | Vaults:3 | XOM: summons 16 friendly demons
 51674 | Vaults:3 | Reached skill level 21 in Shields
 51831 | Vaults:3 | XOM: noise
 51982 | Vaults:3 | XOM: blink monster(s)
 52139 | Vaults:3 | XOM: summons 4 hostile demons
 52186 | Vaults:3 | XOM: chaos cloud
 52227 | Vaults:3 | XOM: swap monsters
 52228 | Vaults:3 | XOM: god gift: 15 bolts
 52274 | Vaults:3 | XOM: scenery: 1 doors close
 52887 | Vaults:3 | Reached skill level 10 in Spellcasting
 53047 | Vaults:4 | XOM: divination: magic mapping
 53126 | Vaults:4 | XOM: summons friendly crimson imp
 53128 | Vaults:4 | XOM: summons 9 friendly demons
 53221 | Vaults:4 | XOM: scenery: 1 doors open, 1 doors close
 53312 | Vaults:4 | XOM: noise
 53514 | Vaults:4 | XOM: enchant monster (good)
 53584 | Vaults:4 | XOM: enchant monster (bad)
 53586 | Vaults:4 | XOM: divination: detect items
 53608 | Vaults:4 | XOM: divine lightning
 53823 | Vaults:4 | XOM: divination: magic mapping
 53825 | Vaults:4 | XOM: enchant monster (bad)
 54177 | Vaults:4 | XOM: polymorph red ugly thing -> purple ugly thing
 54714 | Depths:3 | XOM: summons 9 hostile demons
 54867 | D:13     | XOM: summons 13 hostile demons
 54886 | D:13     | XOM: summons 2 hostile shadow creatures
 54972 | Elf:1    | Entered Level 1 of the Elven Halls
 55006 | Elf:1    | XOM: noise
 55224 | Elf:1    | XOM is BORED!
 55339 | Elf:1    | XOM: chaos upgrade
 55367 | Elf:1    | XOM: noise
 55374 | Elf:1    | XOM: noise
 55414 | Elf:1    | XOM: summons friendly shadow imp
 55780 | Elf:1    | XOM: cast spell 'Leda's Liquefaction'
 55883 | Elf:1    | XOM: polymorph deep elf archer -> shapeshifter
 55886 | Elf:1    | Found a runed translucent gate.
 55886 | Elf:1    | Found a runed translucent gate.
 55886 | Elf:1    | Found a runed translucent gate.
 55886 | Elf:1    | Found a runed translucent gate.
 55886 | Elf:1    | Found a runed translucent gate.
 55888 | Elf:1    | XOM: god gift: ring of fire {god gift}
 55890 | Elf:1    | Found a runed translucent gate.
 56285 | Elf:1    | XOM: summons 3 hostile shadow creatures
 56286 | Elf:1    | XOM: god gift: scroll of teleportation
 56315 | Elf:1    | XOM: god gift: 15 gold pieces
 56417 | Elf:1    | XOM: god gift: club {god gift}
 56442 | Elf:1    | XOM: summons 1 hostile shadow creature
 56557 | Elf:2    | Reached XP level 26. HP: 227/238 MP: 36/36
 56606 | Elf:2    | Found Notewn's Gadget Shoppe.
 56832 | Elf:2    | Found a runed translucent gate.
 56843 | Elf:2    | Found a runed translucent gate.
 56844 | Elf:2    | Found a runed translucent gate.
 56991 | Elf:2    | Found a portal to a secret trove of treasure.
 57291 | Elf:2    | You paid a toll of +8 gold dragon scales to enter a
                  | treasure trove
 57292 | Trove    | Entered a treasure trove
 57298 | Trove    | Found the +0 pair of fencer's gloves {Riposte Dex+3}
 57321 | Trove    | Got a warped ruby amulet
 57324 | Trove    | Identified the amulet "Hamm" {Acrobat +Fly rPois Str+4
                  | Slay+2} (You found it in a treasure trove)
 57327 | Trove    | Got an ancient bone ring
 57328 | Trove    | Identified the ring "Ytziutol" {Wiz rF++ Str-2 Int+4 Dex+3}
                  | (You found it in a treasure trove)
 57349 | Trove    | Got a jewelled helmet
 57350 | Trove    | Identified the +2 helmet of Quiet Fog {*Corrode rElec rF+
                  | Dex+3} (You found it in a treasure trove)
 57364 | Elf:2    | Got AtlasWard's Volume of Sinister Hexes
 57412 | Elf:3    | Entered Level 3 of the Elven Halls
 57414 | Elf:3    | XOM: enchant monster (good)
 57501 | Elf:3    | Found a bloodstained altar of Trog.
 57617 | Elf:3    | XOM: cloud trail
 57677 | Elf:3    | XOM: enchant monster (good)
 57881 | Elf:3    | XOM: god gift: 52 gold pieces
 58154 | Elf:3    | Identified the Papyrus of the Arsonist and Feathers
 58243 | Elf:3    | XOM: cloud trail
 58276 | Elf:3    | XOM: polymorph deep elf blademaster -> iron giant
 58295 | Elf:3    | Identified the +5 quarterstaff "AtlasWard's Curse" {vorpal,
                  | Dex+4}
 58344 | Elf:3    | Identified the +9 morningstar "Liat" {vorpal, rN+}
 58356 | Elf:3    | Reached skill level 22 in Shields
 58389 | Elf:3    | Identified the cursed +0 great sword of Anguish {drain,
                  | rC+}
 58400 | Elf:3    | Identified the +11 battleaxe "Jellyslayer" {chaos, rElec
                  | rF+ Stlth+}
 58407 | Elf:3    | Identified the +5 halberd of Terror {elec, *Noise rElec
                  | MR+}
 58412 | Elf:3    | Identified the ring "Watz" {rN+ MR+ Str+2 Int+5}
 58443 | Elf:3    | XOM: destruction
 58449 | Elf:3    | Identified the ring of Heresy {Fire Dex+2 Slay+2}
 58626 | Elf:3    | Found the +6 shillelagh "Devastator" {shatter}
 58638 | Elf:3    | Identified the Volume of Dusty Conjuration
 58687 | Elf:3    | Identified the Guide on Evil
 58695 | Elf:3    | Identified the Volume of the Mountains and Conjuration
 58851 | Elf:3    | XOM: god gift: 55 gold pieces
 59116 | Depths:1 | XOM: god gift: 340 gold pieces
 59232 | Zot:1    | Entered Level 1 of the Realm of Zot
 59248 | Zot:1    | XOM: divination: detect items
 59536 | Zot:1    | XOM: confuse monster(s)
 59760 | Zot:1    | XOM: god gift: 28 gold pieces
 59835 | Zot:1    | XOM: cloud trail
 59917 | Zot:2    | XOM: noise
 59923 | Zot:2    | XOM: polymorph something unseen -> six-headed hydra
 59928 | Zot:2    | XOM: polymorph six-headed hydra -> great orb of eyes
 59934 | Zot:2    | XOM: enchant monster (good)
 60049 | Zot:2    | XOM: divination: detect items
 60055 | Zot:2    | Noticed an orb of fire
 60076 | Zot:2    | Killed an orb of fire
 60076 | Zot:2    | XOM: cast spell 'Summon Butterflies'
 60247 | Zot:2    | XOM: potion effect (haste)
 60358 | Zot:2    | XOM: swap monsters
 60365 | Zot:2    | Noticed a juggernaut
 60365 | Zot:2    | a golden dragon changed into a juggernaut
 60365 | Zot:2    | XOM: polymorph golden dragon -> juggernaut
 60366 | Zot:2    | Killed a juggernaut
 60775 | Zot:2    | XOM: noise
 60853 | Zot:2    | XOM: stat loss: -1 Int (20/21)
 60974 | Zot:2    | XOM: confusion
 60978 | Zot:2    | XOM: noise
 60982 | Zot:2    | XOM: polymorph black draconian scorcher -> shadow dragon
 61066 | Zot:2    | XOM: stat loss: -1 Dex (16/17)
 61080 | Zot:2    | XOM: stat loss: -1 Str (22/23)
 61099 | Zot:2    | Reached skill level 23 in Shields
 61169 | Zot:2    | Noticed a Killer Klown
 61184 | Zot:2    | a Killer Klown changed into an iron giant
 61189 | Zot:2    | XOM: confusion
 61203 | Zot:2    | Reached XP level 27. HP: 178/246 MP: 39/39
 61357 | Zot:4    | XOM: stat loss: -1 Int (20/21)
 61359 | Zot:4    | XOM: blink monster(s)
 61378 | Zot:4    | XOM: noise
 61405 | Zot:4    | XOM: confusion
 61423 | Zot:4    | XOM: swap monsters
 61427 | Zot:4    | XOM: noise
 61641 | Zot:5    | Entered Level 5 of the Realm of Zot
 61697 | Zot:5    | XOM: polymorph shadow dragon -> glowing shapeshifter
 61702 | Zot:5    | XOM: polymorph black draconian -> death yak
 61738 | Zot:5    | XOM: repel stairs
 61894 | Zot:5    | Reached skill level 15 in Spellcasting
 62232 | Zot:5    | XOM: noise
 62270 | Zot:5    | Cast into level 5 of the Abyss (Xom)
 62270 | Abyss:5  | Entered Level 5 of the Abyss
 62285 | Abyss:5  | Found an iron altar of Okawaru.
 62334 | Abyss:5  | XOM: swap monsters
 62335 | Abyss:5  | XOM: chaos cloud
 62375 | Abyss:5  | Noticed an ancient lich
 62382 | Abyss:5  | XOM: fake destruction
 62390 | Abyss:5  | Killed an ancient lich
 62404 | Zot:5    | Escaped the Abyss
 62406 | Zot:5    | XOM: stat loss: -1 Int (20/21)
 62409 | Zot:5    | XOM: summons friendly red devil
 62442 | Zot:5    | XOM: divination: detect creatures
 62656 | Zot:5    | XOM: god gift: 3 curare-tipped darts
 62748 | Zot:5    | XOM: butterfly on damage
 62755 | Zot:5    | HP: 11/245 [Tzitzimitl/dispel undead[a Zot trap] (62)]
 62756 | Zot:5    | XOM: summons 16 friendly demons
 62757 | Zot:5    | Slain by a green draconian knight

Illustrated notes

Levels and vault maps discovered:
D:1:      minmay_arrival_pointy, layout_rooms, hangedman_decor_lopped,
          hangedman_decor_points, ebering_dispersal_statue_hall
D:2:      kennysheep_the_goblin_king, layout_loops_ring,
          chequers_ecumenical_altar_grove, nrook_loot_triangle
D:3:      layout_loops_ring, minitemple, first_ration,
          minmay_fractal_squares_diagonal_5, uniq_sigmund
D:4:      wander_river, layout_basic, serial_co_window_serial,
          co_window_paths_b, co_window_paths_a, co_window_paths_a,
          co_window_paths_b, co_window_paths_a, co_window_corner_a,
          co_window_of_opportunity_b, co_window_2corner,
          co_window_of_opportunity_c, co_window_of_opportunity_c,
          co_window_of_opportunity_b, co_window_broadway_c,
          co_window_of_opportunity_c, co_window_4corner_a,
          ebering_ghost_reflecting_pool
D:5:      layout_basic, serial_bayou, serial_bayou_pond_b,
          serial_bayou_crossing, serial_bayou_ford_a, serial_bayou_pond_d,
          uniq_prince_ribbit1, uniq_eustachio, uniq_duvessa, uniq_grinder
D:6:      layout_rooms, nicolae_tso_besieged_by_evil, fiery_altar_vehumet,
          elyvilon_altar_5, minmay_temple_entry_junction, portal_sewer_entry_d,
          nicolae_dithmenos_the_darkroom, uniq_edmund, uniq_maggie, uniq_pikel,
          uniq_menkaure
D:7:      layout_basic, minmay_misc_feat_five
D:8:      layout_cave_pools, uniq_grum, uniq_psyche
D:9:      layout_rooms, uniq_harold, uniq_erolcha
D:10:     layout_loops_cross, lair_entry_dummy
D:11:     layout_basic, kennysheep_orc_monster_closet_entryway,
          gauntlet_entry_generic
D:12:     layout_roguey, serial_shops, shop, enter_bailey_3, uniq_snorg,
          uniq_nessos
D:13:     layout_cave_pools, david_vaults_1
D:14:     layout_gridville, lemuel_round_altar, the_bakery, grunt_ministairs_2
D:15:     grunt_enter_depths_magical_seal, layout_loops_cross,
          minmay_misc_feat_rugged, uniq_josephine
Lair:1:   layout_cave_pods
Lair:2:   layout_roguey, serial_forest, infiniplex_forest_lined_room_2,
          infiniplex_forest_pool, infiniplex_forest_straight_1,
          infiniplex_forest_clump_medium, infiniplex_forest_diagonal,
          infiniplex_forest_clump_tiny, infiniplex_forest_clump_medium,
          uniq_gastronok
Lair:3:   layout_loops_ring, minmay_shoals_entry_beasts
Lair:4:   layout_gridlike, spider_nest_entry_rubble, uniq_urug
Lair:5:   layout_cave_pods, minmay_slime_entry_pillars
Lair:6:   evilmike_catoblepas_cave, layout_cave_pods, gammafunk_ghost_icy
Shoals:1: layout_shoals, hangedman_shoals_cup_caves, uniq_kirke
Shoals:2: cheibrodos_shoals_roost, layout_shoals
Shoals:3: layout_shoals, portal_ice_cave_entry_pillars_three
Shoals:4: shoals_end_grunt_ice, layout_shoals, serial_shops,
          nicolae_shop_statue_plus
Spider:1: layout_spider_delve, gammafunk_ghost_split
Spider:2: cheibrodos_spider_deadly_dance
Spider:3: layout_spider_delve, uniq_arachne, uniq_donald
Spider:4: johnstein_spider_rune_arachne_lair
Slime:1:  layout_caves
Slime:2:  layout_caves
Slime:3:  layout_caves
Slime:4:  layout_caves
Slime:5
Orc:1:    layout_caves, nicolae_orc_lava_tube
Orc:2:    st_orc_elflike, layout_caves, ebering_ghost_reflecting_pool,
          uniq_saint_roka, uniq_jorgrun, uniq_maurice, uniq_azrael
Elf:1:    elf_arrival_001, layout_gridlike, orc_legates
Elf:2:    layout_loops_ring, enter_trove_6, serial_shops, shop,
          kilobyte_rumbling_trees
Elf:3:    minmay_elf_hall_furrowed, layout_geoelf_diagonals,
          evilmike_spriggan_trog_shrine
Vaults:1: grunt_vaults_hallway_short, v_misc_5, v_misc_1,
          hangedman_vaults_cutoff, nicolae_vaults_asterisk, vaults_room_pool,
          hangedman_vaults_maws, layout_vaults_omnigrid,
          portal_desolation_entry_garden
Vaults:2: nicolae_vaults_little_squares_6, nicolae_vaults_asterisk,
          nicolae_vaults_mini_display_case, v_alt_pattern_3, v_misc_1,
          v_misc_19, ontoclasm_vaults_fire_temple,
          hangedman_vaults_stretched_pinwheel, hangedman_vaults_corner,
          dpeg_vaults_monster_row, nicolae_vaults_network_star, v_misc_8,
          ontoclasm_vaults_loading_screen, v_misc_17,
          nicolae_vaults_border_crossing, layout_vaults_omnibox, serial_shops,
          nicolae_shop_overgrown_old_shop, shop
Vaults:3: hangedman_vaults_stitches, v_alt_pattern_1, ontoclasm_vaults_spin,
          v_misc_25, minmay_crypt_entry_simple_round, vaults_dpeg_doors,
          nicolae_vaults_asterisk, nicolae_vaults_alarming,
          layout_vaults_chaotic_city, uniq_frederick
Vaults:4: vaults_room_fours, nicolae_vaults_ring_of_whatevers,
          hangedman_vaults_slice, v_misc_33, v_misc_1, v_misc_28,
          hangedman_vaults_slice, ontoclasm_vaults_shout,
          nicolae_vaults_little_squares_1, layout_vaults_maze_snakey
Depths:1: layout_cave_shapes, enter_ziggurat_b, grunt_decor_one_mirror,
          serial_shops, shop_fountains, abyss_entry, pf_coc_iceberg,
          chequers_serial_rivers_marsh, minmay_misc_feat_doors,
          minmay_misc_feat_rows, grunt_tough_drop, minmay_shop_grove
Depths:2: hangedman_arrow_trap, layout_basic, hangedman_abyss_entry_splay,
          hell_entry, serial_shops, freezing_bzr, infiniplex_staircase_river,
          minivault_15
Depths:3: minmay_the_grid_triangle_9x9_rhombus_thin
          [minmay_the_grid_triangle_9x9_alien,
          minmay_the_grid_triangle_9x9_prize_center,
          minmay_the_grid_triangle_9x9_odd_lines,
          minmay_the_grid_triangle_9x9_intruding_spiral], layout_gridlike,
          pan_entry, abyss_entry, pf_hell_entry_tar_spiral
Depths:4: cheibrodos_salmonella, layout_long_grid, minmay_misc_feat_cross,
          abyss_entry, grunt_metal_band
Depths:5: grunt_zot_entry_hairpin, layout_cave_pools,
          ebering_ghost_disaster_area, abyss_entry_glasseish,
          pf_vacation_house_of_asmodeus, hangedman_decor_slide_cut,
          rand_demon_pan_entry_1
Zot:1:    layout_misc_corridors, hangedman_zot_decor_checkerboard
Zot:2:    layout_misc_corridors, st_stairs_13
Zot:3:    lemuel_firehouse, layout_cathedral_of_symmetry, lemuel_elevator
Zot:4:    hangedman_orp_of_zott, layout_misc_corridors
Zot:5:    layout_basic

Skill      XL: |  1  2  3  4  5  6  7  8  9 10 11 12 13 14 15 16 17 18 19 20 21 22 23 24 25 26 27 |
---------------+----------------------------------------------------------------------------------+-----
Axes           | 3 4 5 7 8 10 11 12 14 15 16 18 | 18.0
Fighting       | 4 5 6 7 8 9 10 11 12 13 14 15 17 18 19 20 | 20.0
Armour         | 3 4 5 6 9 11 14 | 14.7
Shields        | 2 4 6 8 9 10 11 13 14 16 17 18 19 20 21 23 | 23.7
Throwing       | 1 4 |  4.0
Dodging        | 1 2 |  2.0
Spellcasting   | 2 6 8 9 10 13 15 | 15.7
Necromancy     | 2 6 9 11 12 | 12.3
Earth Magic    | 3 6 10 12 13 | 13.8

Action                   |  1- 3 |  4- 6 |  7- 9 | 10-12 | 13-15 | 16-18 | 19-21 | 22-24 | 25-27 || total
-------------------------+-------+-------+-------+-------+-------+-------+-------+-------+-------++-------
Melee: Hand axe          |    83 |   240 |   339 |       |       |       |       |       |       ||   662
       Broad axe         |       |       |    28 |   582 |   690 |  1573 |  1918 |  1911 |  1897 ||  8599
       Morningstar       |       |       |       |       |     7 |     7 |   100 |       |       ||   114
Throw: Boomerang         |       |       |       |     1 |       |       |       |       |       ||     1
Evoke: Wand              |       |       |       |       |       |       |       |     1 |       ||     1
  Use: Potion            |       |     4 |       |     3 |     1 |     2 |     2 |     4 |     2 ||    18
       Scroll            |       |       |     8 |    19 |     8 |     3 |     9 |    19 |    19 ||    85
 Stab: Paralysed         |     1 |     1 |     3 |       |       |     3 |     2 |     8 |       ||    18
       Petrified         |       |       |     5 |       |       |     4 |       |       |       ||     9
       Petrifying        |       |       |     1 |       |       |     2 |       |       |     2 ||     5
       Invisible         |       |       |       |     1 |       |    22 |     1 |       |       ||    24
       Confused          |       |       |       |     1 |     4 |     4 |    11 |    26 |     8 ||    54
       Distracted        |       |       |       |       |       |     3 |     2 |     4 |     5 ||    14
       Sleeping          |       |       |       |       |       |       |     3 |       |       ||     3
       Betrayed ally     |       |       |       |       |       |       |       |     1 |       ||     1
  Eat: Chunk             |    12 |    16 |    32 |    35 |    32 |    96 |    73 |    61 |    61 ||   418
       Ration            |       |       |       |       |       |       |     1 |     4 |     1 ||     6
Armor: Leather armour    |    26 |    10 |       |       |       |       |       |       |       ||    36
       Chain mail        |       |   147 |    28 |       |       |       |       |       |       ||   175
       Fire dragon scale |       |       |   112 |   213 |   220 |   568 |   334 |    24 |       ||  1471
       Scale mail        |       |       |       |       |       |       |    22 |       |       ||    22
       Gold dragon scale |       |       |       |       |       |       |       |   261 |       ||   261
       Plate armour      |       |       |       |       |       |       |       |   113 |   374 ||   487
Dodge: Dodged            |    44 |   103 |   176 |   234 |   275 |   406 |   291 |    98 |   123 ||  1750
       Repelled          |       |       |       |       |       |     2 |    46 |    18 |    23 ||    89
Block: Buckler           |       |       |     4 |    66 |   140 |    49 |       |       |       ||   259
       Tower shield      |       |       |       |    43 |       |  1170 |  1455 |  1240 |  1336 ||  5244
       Reflection        |       |       |       |       |       |       |       |    25 |   131 ||   156
       Rpst.: Broad axe  |       |       |       |       |       |       |       |       |    11 ||    11

Table legend:
 A = Non-vault XP
 B = Vault XP
 C = Vault XP percentage of total XP
 D = Non-vault monster count
 E = Vault monster count
 F = Vault count percentage of total count
                 A         B        C        D         E       F
            +---------+---------+-------+---------+---------+-------
      Total |  804535 |  512244 |  38.9 |    1630 |     764 |  31.9
            +---------+---------+-------+---------+---------+-------
        D:1 |      23 |       0 |   0.0 |      14 |       0 |   0.0
        D:2 |     192 |      15 |   7.2 |      35 |       8 |  18.6
        D:3 |     108 |     264 |  71.0 |      21 |       8 |  27.6
        D:4 |     549 |     421 |  43.4 |      13 |       1 |   7.1
        D:5 |     403 |    1016 |  71.6 |      15 |       6 |  28.6
        D:6 |     476 |     611 |  56.2 |      16 |      10 |  38.5
        D:7 |     262 |       0 |   0.0 |       9 |       0 |   0.0
        D:8 |     985 |    1003 |  50.5 |      14 |       5 |  26.3
        D:9 |    1214 |    1598 |  56.8 |      21 |       2 |   8.7
       D:10 |    2632 |       0 |   0.0 |      33 |       0 |   0.0
       D:11 |    2859 |    1639 |  36.4 |      10 |      20 |  66.7
       D:12 |    7325 |    1562 |  17.6 |      35 |       6 |  14.6
       D:13 |    8640 |    2175 |  20.1 |      46 |       4 |   8.0
       D:14 |    1544 |     357 |  18.8 |      11 |       3 |  21.4
       D:15 |    9529 |    6507 |  40.6 |      23 |      13 |  36.1
     Lair:1 |    3028 |       0 |   0.0 |       9 |       0 |   0.0
     Lair:2 |    5819 |    2317 |  28.5 |      23 |       1 |   4.2
     Lair:3 |    1437 |     779 |  35.2 |       8 |       2 |  20.0
     Lair:4 |    4982 |    1213 |  19.6 |      14 |       2 |  12.5
     Lair:5 |    7248 |     400 |   5.2 |      23 |       4 |  14.8
     Lair:6 |   10877 |   14173 |  56.6 |      43 |      28 |  39.4
   Shoals:1 |   16490 |    8487 |  34.0 |      38 |      17 |  30.9
   Shoals:2 |   20423 |    2907 |  12.5 |      47 |       6 |  11.3
   Shoals:3 |   10821 |       0 |   0.0 |      19 |       0 |   0.0
   Shoals:4 |   18522 |   16199 |  46.7 |      42 |      27 |  39.1
   Spider:1 |   23521 |    3776 |  13.8 |      76 |       7 |   8.4
   Spider:2 |   16783 |    8375 |  33.3 |      45 |      17 |  27.4
   Spider:3 |   12353 |    5757 |  31.8 |      27 |       2 |   6.9
   Spider:4 |   19788 |   31170 |  61.2 |      49 |      56 |  53.3
    Slime:1 |   21268 |       0 |   0.0 |      22 |       0 |   0.0
    Slime:2 |   27386 |       0 |   0.0 |      49 |       0 |   0.0
    Slime:3 |   15874 |       0 |   0.0 |      35 |       0 |   0.0
    Slime:4 |    8785 |    1720 |  16.4 |      20 |       1 |   4.8
    Slime:5 |   13621 |   30992 |  69.5 |      27 |      13 |  32.5
      Orc:1 |    2544 |      40 |   1.5 |      29 |       1 |   3.3
      Orc:2 |    2114 |   19588 |  90.3 |      36 |      43 |  54.4
      Elf:1 |    4984 |   17545 |  77.9 |      10 |      29 |  74.4
      Elf:2 |    6384 |    4879 |  43.3 |      11 |       8 |  42.1
      Elf:3 |    9898 |   43882 |  81.6 |      17 |      33 |  66.0
   Vaults:1 |   30589 |    3261 |   9.6 |      56 |      12 |  17.6
   Vaults:2 |   17245 |   25249 |  59.4 |      35 |      40 |  53.3
   Vaults:3 |   46158 |   23413 |  33.7 |      85 |      25 |  22.7
   Vaults:4 |   47451 |   16646 |  26.0 |      79 |      24 |  23.3
   Depths:1 |   38484 |    6239 |  14.0 |      58 |       6 |   9.4
   Depths:2 |   30123 |   15146 |  33.5 |      37 |      12 |  24.5
   Depths:3 |   49606 |   27388 |  35.6 |      69 |      14 |  16.9
   Depths:4 |   33180 |   28617 |  46.3 |      40 |      25 |  38.5
   Depths:5 |   23791 |   23632 |  49.8 |      23 |      20 |  46.5
      Zot:1 |   16283 |       0 |   0.0 |      10 |       0 |   0.0
      Zot:2 |   60867 |   10555 |  14.8 |      33 |       2 |   5.7
      Zot:3 |    3930 |    1746 |  30.8 |       3 |       1 |  25.0
      Zot:4 |   25511 |       0 |   0.0 |       8 |       0 |   0.0
      Zot:5 |   34188 |   24798 |  42.0 |      23 |       9 |  28.1
    Abyss:1 |    1947 |     196 |   9.1 |      10 |       1 |   9.1
    Abyss:4 |   10926 |   20467 |  65.2 |      15 |      19 |  55.9
    Abyss:5 |   12565 |       0 |   0.0 |      11 |       0 |   0.0
      Sewer |       0 |     114 | 100.0 |       0 |       6 | 100.0
     Bailey |       0 |     851 | 100.0 |       0 |      34 | 100.0
      IceCv |       0 |   10073 | 100.0 |       0 |      53 | 100.0
 Desolation |       0 |   37710 | 100.0 |       0 |      70 | 100.0
   Gauntlet |       0 |    4776 | 100.0 |       0 |       8 | 100.0
            +---------+---------+-------+---------+---------+-------
